 Dungeon Crawl Stone Soup version 0.31-a0-1098-g6898e6545c (webtiles) character file.

Game seed: 4198642043728254590

2395007 MackTheKnife the Lord of Darkness (level 25, 230/230 HPs)
             Began as a Demonspawn Fire Elementalist on Nov 29, 2023.
             Was the Champion of Kikubaaqudgha.
             Escaped with the Orb
             ... and 4 runes on Dec 1, 2023!
             The game lasted 02:27:23 (63918 turns).

MackTheKnife the Lord of Darkness (DsFE)           Turns: 63918, Time: 02:27:23

Health: 230/230    AC: 23    Str: 24    XL:     25   Next: 1%
Magic:  8/8        EV: 34    Int: 20    God:    Kikubaaqudgha [******]
Gold:   4244       SH: 19    Dex: 33    Spells: 6/44 levels left

rFire   + . .        K - +7 rapier of Destruction {antimagic, rC+, short}
rCold   + . .        W - +2 kite shield
rNeg    + . .        M - +5 ring mail {Will+}
rPois   +            P - +0 helmet of Protective Custody {+Blink Str+3 Dex+3 SInv}
rElec   .            u - +2 cloak
rCorr   .            o - +2 pair of gloves {Str+3}
SInv    +            (boots unavailable)
Will    +++..        g - amulet "Quna" {Faith +Blink MP-9 Dex+9}
Stlth   ++           w - ring of Zushe {rPois Will+ Str+4}
HPRegen 0.58/turn    x - ring of Fucs {rF+ rN+ Int+4}
MPRegen 0.22/turn

%: guardian spirit, faith
@: mighty, hasted, studying Shields, very quick
A: hooves 3, rugged brown scales 3, powered by death 3, augmentation 2, magic
shield, magic regeneration, magic link, low MP 1
0: Orb of Zot
}: 4/15 runes: barnacled, slimy, silver, gossamer
a: Renounce Religion, Evoke Blink, Unearth Wretches, Torment


You escaped.
You worshipped Kikubaaqudgha.
Kikubaaqudgha was exalted by your worship.
You visited 11 branches of the dungeon, and saw 53 of its levels.
You visited 1 bazaar.
You also visited: Gauntlet, Ice Cave, Volcano and Desolation.

You collected 8920 gold pieces.
You spent 4676 gold pieces at shops.


Innate Abilities, Weirdness & Mutations

You have hooves in place of feet.
You are completely covered in rugged brown scales. (AC +3, +7% HP)
You regenerate a lot of health from kills.
Your magical and physical power is enhanced at high health.
When hurt, damage is shared between your health and your magic reserves.
You regenerate magic rapidly.
When low on magic, you restore magic in place of health.
Your magical capacity is low. (-10% MP)


   Skills:
 + Level 21.4 Fighting
 - Level 14.0 Short Blades
 - Level 10.0 Armour
 - Level 20.0 Dodging
 - Level 8.0 Stealth
 - Level 15.0 Shields
 - Level 10.0 Spellcasting
 - Level 1.0 Conjurations
 - Level 12.4 Hexes
 - Level 22.7 Necromancy
 - Level 6.0 Transmutations
 - Level 5.0 Fire Magic
 - Level 6.0 Earth Magic
 - Level 10.0 Evocations


You had 6 spell levels left.
You knew the following spells:

 Your Spells              Type           Power      Damage    Failure   Level
a - Anguish               Hex/Necr       49%        N/A       1%          4
b - Yara's Violent Unrav  Hex/Tmut       35%        3d14      10%         5
c - Animate Dead          Necr           100%       N/A       0%          4
d - Wereblood             Tmut           57%        N/A       1%          2
e - Borgnjor's Vile Clut  Necr/Erth      44%        N/A       1%          5
f - Death Channel         Necr           55%        N/A       1%          6
g - Dispel Undead         Necr           100%       3d31      0%          4
h - Infestation           Necr           55%        N/A       9%          8

Your spell library contained the following spells:

 Spells                   Type           Power      Damage    Failure   Level
 Necrotise                Necr           100%       1d9       0%          1
 Sublimation of Blood     Necr           100%       N/A       0%          2
 Vampiric Draining        Necr           100%       2d13      0%          3
 Sandblast                Erth           100%       2d20      1%          1
 Cigotuvi's Dreadful Rot  Necr/Pois/Air  100%       N/A       1%          2
 Ensorcelled Hibernation  Hex/Ice        100%       N/A       1%          2
 Jinxbite                 Hex            100%       N/A       1%          2
 Passwall                 Tmut/Erth      47%        N/A       1%          2
 Inner Flame              Hex/Fire       69%        N/A       1%          3
 Sigil of Binding         Hex            82%        N/A       1%          3
 Agony                    Necr           100%       N/A       1%          5
 Scorch                   Fire           100%       2d9       2%          2
 Dazzling Flash           Conj/Hex       100%       N/A       2%          3
 Summon Guardian Golem    Hex/Summ       58%        N/A       3%          3
 Leda's Liquefaction      Hex/Erth       35%        N/A       3%          4
 Foxfire                  Conj/Fire      100%       2x1d9     4%          1
 Magic Dart               Conj           100%       1d8       10%         1
 Ignite Poison            Fire/Tmut/Pois 44%        N/A       10%         3
 Fulminant Prism          Conj/Hex       30%        3d16      10%         4
 Stone Arrow              Conj/Erth      86%        3d12      11%         3
 Dimensional Bullseye     Hex/Tloc       29%        N/A       12%         4
 Petrify                  Tmut/Erth      57%        N/A       12%         4
 Apportation              Tloc           36%        N/A       14%         1
 Freeze                   Ice            72%        1d8       14%         1
 Summon Small Mammal      Summ           72%        N/A       14%         1
 Searing Ray              Conj           50%        2d6       14%         2
 Volatile Blastmotes      Fire/Tloc      72%        2d16      16%         3
 Momentum Strike          Conj/Tloc      42%        3d9       19%         2
 Static Discharge         Conj/Air       42%        3-5/arc   19%         2
 Blink                    Tloc           36%        N/A       22%         2
 Lesser Beckoning         Tloc           36%        N/A       22%         2
 Simulacrum               Ice/Necr       39%        N/A       22%         6
 Metabolic Englaciation   Hex/Ice        29%        N/A       32%         5
 Silence                  Hex/Air        29%        N/A       32%         5
 Summon Mana Viper        Hex/Summ       58%        N/A       32%         5
 Hailstorm                Conj/Ice       21%        3d6       34%         3
 Brom's Barrelling Bould  Conj/Erth      43%        2d6       34%         4
 Animate Armour           Summ/Erth      78%        N/A       38%         4
 Flame Wave               Conj/Fire      39%        2d11      38%         4
 Sticky Flame             Conj/Fire      39%        2d6       38%         4
 Call Canine Familiar     Summ           18%        N/A       41%         3
 Frozen Ramparts          Ice            36%        1d6       41%         3
 Gell's Gravitas          Tloc           18%        N/A       41%         3
 Ozocubu's Armour         Ice            18%        N/A       41%         3
 Swiftness                Air            18%        N/A       41%         3
 Teleport Other           Tloc           18%        N/A       41%         3
 Irradiate                Conj/Tmut      21%        3d18      67%         5
 Alistair's Intoxication  Tmut/Pois      26%        N/A       75%         5
 Fireball                 Conj/Fire      19%        3d9       75%         5
 Manifold Assault         Tloc           18%        N/A       82%         4
 Summon Ice Beast         Ice/Summ       18%        N/A       82%         4
 Vhi's Electric Charge    Tloc/Air       36%        N/A       82%         4
 Iskenderun's Battlesphe  Conj           25%        2d8       95%         5
 Arcjolt                  Conj/Air       10%        1d20      97%         5
 Freezing Cloud           Conj/Ice/Air   10%        6-21      98%         5
 Summon Forest            Summ/Tloc      9%         N/A       99%         5
 Conjure Ball Lightning   Conj/Air       10%        3x3d6     100%        6
 Dispersal                Tloc           9%         N/A       100%        6
 Eringya's Noxious Bog    Tmut/Pois      19%        4d6       100%        6
 Plasma Beam              Fire/Air       18%        2x1d29    100%        6
 Summon Cactus Giant      Summ           9%         N/A       100%        6
 Enfeeble                 Hex            41%        N/A       58%         7
 Haunt                    Necr/Summ      39%        N/A       75%         7
 Discord                  Hex            41%        N/A       99%         8
 Monstrous Menagerie      Summ           9%         N/A       100%        7
 Orb of Destruction       Conj           12%        9d7       100%        7
 Ozocubu's Refrigeration  Ice            9%         4d9       100%        7
 Spellforged Servitor     Conj/Summ      10%        N/A       100%        7
 Summon Hydra             Summ           9%         N/A       100%        7
 Disjunction              Tloc           9%         N/A       100%        8
 Ignition                 Fire           26%        3d9       100%        8
 Summon Horrible Things   Summ           9%         N/A       100%        8
 Chain Lightning          Conj/Air       10%        3d14      100%        9
 Fire Storm               Conj/Fire      19%        8d5       100%        9
 Shatter                  Erth           28%        3d24*     100%        9

Inventory:

Hand Weapons
 a - a +9 rapier of pain {short}
   (You bought it in a shop on level 4 of the Dungeon)
 b - the +8 Vampire's Tooth {megavamp}
   (You found it in the Desolation of Salt)
 E - the +9 rapier of the Endless Expanse {flame, rF+ Str+4 Stlth+, short}
   (You found it on level 5 of the Vaults)

   Str+4:     It affects your strength (+4).
   rF+:       It protects you from fire.
   Stlth+:    It makes you more stealthy.
 K - the +7 rapier of Destruction (weapon) {antimagic, rC+, short}
   (You found it on level 3 of the Elven Halls)

   rC+:       It protects you from cold.
Armour
 o - a +2 pair of gloves of strength (worn)
   (You found it on level 4 of the Vaults)
 r - a +2 leather armour of poison resistance
   (You found it on level 3 of the Dungeon)
 u - a +2 cloak (worn)
   (You found it on level 4 of the Dungeon)
 M - a +5 ring mail of willpower (worn)
   (You found it on level 5 of the Lair of Beasts)
 O - a +2 buckler of cold resistance
   (You found it in an ice cave)
 P - the +0 helmet of Protective Custody (worn) {+Blink Str+3 Dex+3 SInv}
   (You found it in an ice cave)

   Str+3:     It affects your strength (+3).
   Dex+3:     It affects your dexterity (+3).
   SInv:      It lets you see invisible.
   +Blink:    It lets you blink.
 S - a +2 cloak
   (You took it off a draconian shifter on level 5 of the Realm of Zot)
 W - a +2 kite shield (worn)
   (You found it on level 2 of the Vaults)
Jewellery
 c - a ring of poison resistance
   (You found it on level 5 of the Vaults)
 g - the amulet "Quna" (around neck) {Faith +Blink MP-9 Dex+9}
   (You acquired it on level 1 of the Lair of Beasts)

   [amulet of faith]

   Faith:     It allows you to gain divine favour quickly.
   Dex+9:     It affects your dexterity (+9).
   MP-9:      It affects your magic capacity (-9).
   +Blink:    It lets you blink.
 k - the ring of Emmaval {Wiz rElec Will- Dex+4}
   (You found it in a Gauntlet)

   [ring of wizardry]

   Wiz:       It improves your spell success rate.
   Dex+4:     It affects your dexterity (+4).
   rElec:     It insulates you from electricity.
   Will-:     It decreases your willpower.
 w - the ring of Zushe (left hand) {rPois Will+ Str+4}
   (You found it on level 5 of the Pits of Slime)

   [ring of willpower]

   Str+4:     It affects your strength (+4).
   rPois:     It protects you from poison Will+: It increases your willpower.
 x - the ring of Fucs (right hand) {rF+ rN+ Int+4}
   (You found it in a Gauntlet)

   [ring of positive energy]

   Int+4:     It affects your intelligence (+4).
   rF+:       It protects you from fire.
   rN+:       It protects you from negative energy.
 Y - the ring "Jilefar" {*Corrode Fly AC+4 Str+4 Int+2}
   (You found it in the Desolation of Salt)

   [ring of protection]

   AC+4:      It affects your AC (+4).
   Str+4:     It affects your strength (+4).
   Int+2:     It affects your intelligence (+2).
   Fly:       It grants you flight.
   *Corrode:  It may corrode you when you take damage.
Wands
 t - a wand of quicksilver (36)
   (You took it off a goblin on level 4 of the Dungeon)
 C - a wand of digging (5)
   (You found it on level 5 of the Realm of Zot)
 G - a wand of roots (44)
   (You found it on level 9 of the Dungeon)
Scrolls
 f - 6 scrolls of poison {!r}
 h - 12 scrolls of teleportation {@r4}
 j - 9 scrolls of fog
 m - 2 scrolls of blinking {!r}
 s - 6 scrolls of fear
 y - a scroll of summoning
 B - 4 scrolls of vulnerability {!r!r}
 D - 2 scrolls of revelation
 I - 5 scrolls of amnesia
 L - 3 scrolls of silence {!r}
 N - a scroll of immolation {!r!r}
 V - a scroll of enchant weapon
Potions
 e - 4 potions of resistance
 i - 6 potions of cancellation
 l - 8 potions of enlightenment
 p - 4 potions of ambrosia
 q - 11 potions of mutation {!q}
 v - 11 potions of haste {@q3}
 z - 21 potions of curing {@q1}
 F - 7 potions of heal wounds {@q2}
 H - 3 potions of might
 Q - 4 potions of brilliance
 R - 2 potions of berserk rage {!q}
 U - 4 potions of invisibility
 X - 3 potions of magic
Miscellaneous
 d - a box of beasts
   (You found it in a Gauntlet)
 n - a phantom mirror
   (You found it on level 1 of the Shoals)
 A - a tin of tremorstones (2/2) {throwing}
   (You found it in a Gauntlet)
 J - a phial of floods
   (You found it on level 5 of the Lair of Beasts)
 T - a lightning rod (4/4)
   (You found it on level 4 of the Shoals)

Dungeon Overview and Level Annotations

Branches:
Dungeon (15/15)            Temple (1/1) D:7            Lair (5/5) D:10
 Shoals (4/4) Lair:3       Spider (4/4) Lair:2        Slime (5/5) Lair:4
    Orc (2/2) D:12            Elf (3/3) Orc:2        Vaults (5/5) D:13
  Crypt (0/3) Vaults:2     Depths (4/4) D:15            Zot (5/5) Depths:4
  IceCv (visited)         Volcano (visited)         Desolation (visited)
Gauntlet (visited)

Altars:
Ashenzari
Cheibriados
Dithmenos
Fedhas
Gozag
Hepliaklqana
Kikubaaqudgha
Makhleb
Nemelex Xobeh
Okawaru
Qazlal
Ru
Sif Muna
Trog
Uskayaw
Vehumet
Wu Jian
Xom
Yredelemnul
Jiyva

Shops:
D:4 (   Orc:1 (   Orc:2 !:(   Elf:2 !   Elf:3 ?   Vaults:5 =   Depths:4 :

Portals:
Hell: Depths:1 Depths:2 Depths:3 Depths:4
Abyss: Depths:3
Pandemonium: Depths:1 Depths:2 Depths:4
Ziggurat: Depths:3
Trove: D:13 (give 5 scrolls of blinking)

Annotations:
D:6 Jeremiah
D:10 3 runed translucent doors, exclusions: 3 doors and obsidian statue, Flugslaktarn's ghost, novice OpSh
D:12 exclusion: upstairs
Lair:1 2 transporters
Lair:3 exclusion: oklob plant
Shoals:3 exclusion: downstairs
Slime:5 exclusions: acid blob and shining eye
Elf:1 6 runed translucent doors
Elf:2 3 runed translucent doors
Vaults:3 2 transporters, exclusion: obsidian statue
Vaults:4 exclusion: 2 doors
Zot:5 exclusion: 3 upstairs

#.#.....#...# ##...#
#.#.###.#.#.####...# #.#.#
#...#...####'###
#.#.###.#####.##...[.####
#.#.....# #...##........#
#.###.#####.####........#
#...#...#...####........#
########.#####.###.####......#
....# #...#.#..@#.#........##
....######.#.#####.#........#
..).##...#.#...# #.#........#
.....#.#.#'###.###.#........#
.......#.....#.....#........#
....########.###.#####...####
....########.###.###........#
.#.......................##.#
.##############.###.........##


There were no monsters in sight!


Message History

😕 HP[+1] 😕 HP[+1] 😕 HP[+1] 😕 HP[+1] 😕 HP[+1] 😕 HP[+1] 😕 HP[+1] 😕 HP[+1] 😕 HP[+1] 😕 HP[+1]
A sixfirhy comes into view. 😕 HP[+1] 😕 HP[+1]
There is a stone staircase leading up here.
You block the sixfirhy's attack. x3
You climb upwards.
There is a stone staircase leading down here. 😎 HP[+1]
Your hp is fully restored (222).
What level of the Dungeon? (default 6, ? - help)
There is a stone staircase leading up here.
You climb upwards.
There is a stone staircase leading down here.
An Orb Guardian comes into view.
You see here a +0 club {mace}.
You block the Orb Guardian's attack. x2
You puncture the Orb Guardian!
The Orb Guardian writhes in agony!
Your kick misses the Orb Guardian. You block the Orb Guardian's attack.
You puncture the Orb Guardian!
The Orb Guardian writhes in agony!!
You hit the Orb Guardian.
The Orb Guardian writhes in agony!!
You kill the Orb Guardian!
Kikubaaqudgha accepts your kill.
No target in view!
There is a stone staircase leading up here.
You climb upwards.
There is a stone staircase leading down here.
There is a stone staircase leading up here.
You climb upwards.
There is a stone staircase leading down here.
A Hell Sentinel comes into view.
Blink to where?
Press: ? - help, Dir - move target
As you read the scroll of blinking {!r}, it crumbles to dust.
The Hell Sentinel moves out of view.
There is a stone staircase leading up here.
You climb upwards.
There is a stone staircase leading down here.
What level of the Dungeon? (default 1, ? - help)
Okay, then.
Unknown command.
A Brimstone Fiend comes into view.
The Brimstone Fiend roars!
The Brimstone Fiend moves out of view.
Unknown command.
As you read the scroll of fog, it dissolves into smoke.
You feel yourself speed up.
You feel very mighty all of a sudden.
You feel magic leave you.
K - the +7 rapier of Destruction (weapon)
{antimagic, rC+, short} 😎 MP[-16]
The Brimstone Fiend completely misses you.
You block the Brimstone Fiend's attack. The Brimstone Fiend misses you.
Unknown command.
You puncture the Brimstone Fiend!
The Brimstone Fiend's magic leaks into the air.
You kick the Brimstone Fiend!!
The Brimstone Fiend completely misses you.
You block the Brimstone Fiend's attack. x2
You closely miss the Brimstone Fiend. You kick the Brimstone Fiend!
Unknown command.
You impale the Brimstone Fiend!!
The Brimstone Fiend's magic leaks into the air.
You kick the Brimstone Fiend.
You stick the Brimstone Fiend like a pincushion!!!
You kill the Brimstone Fiend!
Kikubaaqudgha accepts your kill.
Itsa comes into view. It is armed with a distorting touch.
You have reached level 25!
Your demonic ancestry asserts itself...
You feel your life force and your magical essence meld. 😎 HP[+8]
You now have 230 max hp (+8).
Your hp is fully restored (230).
Unknown command.
Press: ? - help, v - describe, . - travel
Here: Itsa, armed with a distorting touch (purple smoke)
The floor.
Unknown command.
Okay, then.
An ice devil comes into view.
There is an open door here.
Blink to where?
Press: ? - help, Dir - move target A Brimstone Fiend comes into view.
As you read the scroll of blinking {!r}, it crumbles to dust.
The Brimstone Fiend roars!
Blink to where?
Press: ? - help, Dir - move target
As you read the scroll of blinking {!r}, it crumbles to dust.
There is a staircase leading out of the dungeon here.
You have escaped!

Skill      XL: |  1  2  3  4  5  6  7  8  9 10 11 12 13 14 15 16 17 18 19 20 21 22 23 24 |
---------------+-------------------------------------------------------------------------+-----
Stealth        | 2 7 8 |  8.0
Fire Magic     | 3 4 5 |  5.0
Fighting       | 1 2 3 4 7 8 10 12 14 15 16 18 19 21 | 21.4
Spellcasting   | 3 4 6 9 10 | 10.0
Evocations     | 1 2 3 7 10 | 10.0
Short Blades   | 6 11 13 14 | 14.0
Dodging        | 5 8 10 12 13 14 16 17 18 20 | 20.0
Necromancy     | 5 10 12 14 16 20 22 | 22.7
Armour         | 2 4 8 10 | 10.0
Shields        | 7 10 14 15 | 15.0
Transmutations | 6 |  6.0
Earth Magic    | 6 |  6.0
Hexes          | 3 10 12 | 12.4
Conjurations   | |  1.0

Action                     |  1- 3 |  4- 6 |  7- 9 | 10-12 | 13-15 | 16-18 | 19-21 | 22-24 | 25-27 || total
---------------------------+-------+-------+-------+-------+-------+-------+-------+-------+-------++-------
  Melee: Rapier            |       |    20 |   315 |   841 |  1607 |  1114 |  1425 |  1059 |       ||  6381
         Kick              |       |     3 |   124 |   345 |   754 |   496 |   745 |   793 |       ||  3260
         Punch             |       |       |     4 |     8 |    14 |       |       |       |       ||    26
         Quick blade       |       |       |       |       |       |       |    47 |   276 |       ||   323
   Fire: Sling             |    66 |    44 |       |       |       |       |       |       |       ||   110
  Throw: Dart              |       |       |       |    13 |       |       |       |       |       ||    13
   Cast: Foxfire           |    43 |    99 |    55 |    25 |       |       |       |       |       ||   222
         Scorch            |       |    20 |    45 |    20 |       |       |       |       |       ||    85
         Animate Dead      |       |       |       |    12 |    19 |    23 |    12 |    15 |       ||    81
         Wereblood         |       |       |       |       |     6 |    24 |     8 |     7 |       ||    45
         Death Channel     |       |       |       |       |       |    25 |    21 |    26 |       ||    72
         Anguish           |       |       |       |       |       |     7 |     5 |     5 |       ||    17
         Borgnjor's Vile C |       |       |       |       |       |     4 |    23 |     9 |       ||    36
         Dispel Undead     |       |       |       |       |       |       |       |    16 |       ||    16
         Infestation       |       |       |       |       |       |       |       |    14 |       ||    14
 Invoke: Unearth Wretches  |       |       |       |     3 |    16 |    16 |     7 |    15 |       ||    57
         Brand Weapon With |       |       |       |       |     1 |       |       |       |       ||     1
  Evoke: Wand              |       |     2 |     4 |    39 |    13 |     8 |     3 |     1 |       ||    70
         Box of beasts     |       |       |       |       |     1 |     2 |     1 |       |       ||     4
         Tin of tremorston |       |       |       |       |     2 |     4 |     6 |     1 |       ||    13
         Phial of floods   |       |       |       |       |     1 |       |       |       |       ||     1
         Phantom mirror    |       |       |       |       |       |     1 |       |       |       ||     1
         Lightning rod     |       |       |       |       |       |       |     7 |     6 |       ||    13
    Use: Scroll            |       |     7 |     4 |    16 |    16 |    14 |     7 |    14 |     2 ||    80
         Potion            |       |       |       |     6 |     9 |    10 |     3 |    16 |       ||    44
   Stab: Sleeping          |       |       |     4 |     3 |     9 |     8 |    34 |    14 |       ||    72
         Distracted        |       |       |       |     4 |    14 |    28 |    30 |    30 |       ||   106
         Petrified         |       |       |       |       |     2 |       |       |       |       ||     2
         Paralysed         |       |       |       |       |     5 |     2 |       |     3 |       ||    10
         Petrifying        |       |       |       |       |     1 |     2 |       |       |       ||     3
 Armour: Robe              |    26 |    12 |       |    52 |       |       |       |       |       ||    90
         Leather armour    |       |    20 |   120 |   326 |   249 |   105 |       |       |       ||   820
         Ring mail         |       |       |       |       |   129 |   289 |   389 |   399 |       ||  1206
  Dodge: Dodged            |    25 |    47 |   232 |   829 |  1016 |  1136 |   761 |   762 |       ||  4808
  Block: Buckler           |       |       |       |       |   287 |   518 |   440 |   317 |       ||  1562
         Kite shield       |       |       |       |       |       |       |       |   201 |       ||   201

Levels and vault maps discovered:
D:1:      elethiomel_arrival_maze, layout_basic
D:2:      kennysheep_six_static_rooms, layout_basic,
          hellmonk_ecumenical_altar_slurped_away, uniq_jessica, uniq_robin
D:3:      layout_loops_ring
D:4:      layout_rooms, serial_shops, nicolae_shop_scrapyard
D:5:      layout_rooms, minmay_manual_mess, uniq_grinder, uniq_sigmund
D:6:      wander_river, layout_loops_ring, overflow_temple_1_default,
          okawaru_ov_weapons_minmay, kennysheep_another_room, uniq_jeremiah,
          uniq_menkaure
D:7:      layout_loops_cross, kennysheep_slug_shrine,
          lemuel_mausoleum_altar_yredelemnul, nicolae_uskayaw_dance_hall,
          minmay_temple_entry_nine_rooms, minmay_misc_feat_nine_boxes
D:8:      layout_cave_pools
D:9:      layout_roguey
D:10:     layout_big_octagon, minitemple, grunt_lair_entry_orc_guard_hut,
          ebering_ghost_gozag, item_on_display_a
D:11:     layout_basic, portal_ice_cave_rime, led_sif_pool
D:12:     layout_rooms, orc_0_dummy, gauntlet_entry_generic, drop_trap,
          nicolae_fountain_basement, uniq_azrael, uniq_frances, uniq_nergalle,
          uniq_josephine
D:13:     layout_irregular_city, david_vaults_4, enter_trove_5,
          lemuel_nasty_fountain, uniq_snorg
D:14:     layout_roguey, hangedman_decor_slide_cut
D:15:     hangedman_depths_entry_civil_slaughter, layout_rooms,
          interstate_on_off, minmay_misc_feat_ornament
Temple:   dpeg_chambers_temple
Lair:1:   gammafunk_worm_tunnel, layout_loops_ring, enter_volcano_3,
          nicolae_lair_lakeside_cave, uniq_grum
Lair:2:   layout_regular_city, hellmonk_spider_entry_not_the_bees
Lair:3:   layout_cave_pods, minmay_shoals_entry_hut, grunt_forest_stairs_basic,
          minmay_lair_oklob_bushes
Lair:4:   layout_regular_city, nicolae_slime_entry_slimehenge, st_stairs_10
Lair:5:   wormcave, layout_regular_city, hangedman_lair_in_review, uniq_kirke
Shoals:1: layout_shoals, nicolae_shoals_pincushion_passage
Shoals:2: layout_shoals
Shoals:3: layout_shoals, uniq_polyphemus
Shoals:4: shoals_end_hellmonk_lost_city
Spider:1: layout_chambers, hangedman_spider_tarantella_strand
Spider:2: layout_spider_delve, uniq_mlioglotl
Spider:3: layout_spider_delve, nicolae_spider_circle_web,
          nicolae_spider_some_kinda_spiderbox, uniq_arachne, uniq_bai_suzhen
Spider:4: spider_rune_water, uniq_nikola, uniq_donald, uniq_louise
Slime:1:  layout_caves
Slime:2:  layout_caves, cheibrodos_slime_lost_civilization_5
Slime:3:  layout_caves, nicolae_slime_welcoming_committee
Slime:4:  layout_caves
Slime:5:  slime_pit_nicolae_block_by_block
Orc:1:    layout_diamond_mine, serial_shops, shop, basic_altar, uniq_harold,
          uniq_fannar
Orc:2:    st_orc_rangers, layout_diamond_mine, special_room
Elf:1:    eino_elf_arrival_customs, layout_gridlike, orc_legates,
          grunt_megastairs_5
Elf:2:    nicolae_elf_blades_crystal_corner, layout_loops_ring, serial_shops,
          nicolae_shop_industrial_runoff, uniq_asterion
Elf:3:    grunt_elf_hall_diamonds, layout_gridlike, serial_shops,
          nicolae_shop_rolled_up
Vaults:1: nicolae_vaults_closet_pinwheel_1, grunt_vaults_twisty, v_misc_2,
          v_alt_pattern_3, nicolae_vaults_tetromino_T_1, nicolae_vaults_theta,
          ontoclasm_vaults_pinch, nicolae_vaults_tetromino_L_2,
          nicolae_vaults_trapezoid_4, nicolae_vaults_three_branches,
          v_alt_pattern_6, nicolae_vaults_windows_and_doors_thing,
          vaults_room_pools, nicolae_vaults_gold_heap, layout_vaults_omnigrid,
          uniq_norris
Vaults:2: portal_desolation_entry_salt, vaults_room_ringed_pool,
          minmay_crypt_entry_simple_box, nicolae_vaults_swerve,
          hangedman_vaults_restitches, v_misc_22, ontoclasm_vaults_shuriken,
          serial_library_hellmonk_open_square, dpeg_vaults_waves,
          nicolae_vaults_offset_grid_hallway_4, v_misc_17,
          nicolae_vaults_house_3, nicolae_vaults_trapezoid_3,
          nicolae_vaults_border_crossing, nicolae_vaults_storage_room_glass,
          layout_vaults_omnibox, serial_glass
Vaults:3: nicolae_vaults_apartment_1, gammafunk_sealed_arena,
          hangedman_vaults_impose, nicolae_vaults_sightless_eye,
          nicolae_vaults_storage_room_water, nicolae_vaults_stepped_doors,
          v_alt_pattern_6, vaults_dpeg_diagonal, nicolae_vaults_tangram_1,
          nicolae_vaults_closet_pinwheel_4, nicolae_vaults_apartment_2,
          nicolae_vaults_specimen_jars, layout_vaults_chaotic_city
Vaults:4: v_misc_29, nicolae_vaults_security_offices_6,
          nicolae_vaults_angled_halls, ontoclasm_vaults_ring_large,
          nicolae_vaults_trapezoid_2, nicolae_vaults_tangram_1,
          nicolae_vaults_weapon_check, nicolae_vaults_mini_display_case,
          nicolae_vaults_big_angled_halls, nicolae_vaults_little_squares_6,
          vaults_room_pool, ontoclasm_vaults_hangar, layout_vaults_big_cross,
          serial_shops, bzr_entry_lakeside
Vaults:5: serial_shops
Depths:1: layout_honeycomb, hell_entry, chequers_serial_rivers_large_a,
          pan_entry, nicolae_kikubaaqudgha_miasma_corner
Depths:2: minmay_guarded_unrand_sceptre_of_torment, layout_cave_pools,
          rand_demon_pan_entry_7, nicolae_figureground_sparkle, hell_entry
Depths:3: nzn_winding_woodlands_stair_trap [nzn_winding_woodlands_5x15_zeroes,
          nzn_winding_woodlands_5x15_eye,
          nzn_winding_woodlands_5x15_lazy_stream,
          nzn_winding_woodlands_15x15_killbox,
          nzn_winding_woodlands_5x15_pathside_ponds,
          nzn_winding_woodlands_5x15_pool,
          nzn_winding_woodlands_5x15_sidewinder], layout_basic,
          enter_ziggurat_a, hangedman_abyss_entry_splay, hell_entry
Depths:4: evilmike_zot_entry_diamond, layout_basic, hell_entry,
          patterned_corridor, grunt_pan_entry_sceptre, minmay_shop_star,
          uniq_xtahua
Zot:1:    layout_misc_corridors, gammafunk_ghost_abyssal_escape,
          hangedman_zot_decor_checkerboard, uniq_grunn
Zot:2:    cheibrodos_zot_enchanting_chambers, layout_gridlike,
          regret_index_zotdec_slimy_original, regret_index_zotdec_ceiling_fans
Zot:3:    layout_cathedral_of_symmetry
Zot:4:    hellmonk_crystal_mountain, layout_onion_interference,
          hangedman_zot_wheel_spokes, uniq_parghit
Zot:5:    layout_gridlike

Notes
Turn   | Place    | Note
-------+----------+-------------------------------------------
     0 | D:1      | MackTheKnife the Demonspawn Fire Elementalist began the
                  | quest for the Orb.
     0 | D:1      | Reached XP level 1. HP: 13/13 MP: 3/3
     0 | D:1      | magus.rc [v1.9.6]
   122 | D:1      | Reached skill level 2 in Stealth
   181 | D:1      | Reached skill level 3 in Fire Magic
   233 | D:1      | Gained mutation: You are partially covered in rugged brown
                  | scales. (AC +1, +3% HP) [demonic ancestry]
   233 | D:1      | Reached XP level 2. HP: 9/19 MP: 0/5
   453 | D:1      | Learned a level 2 spell: Scorch
   619 | D:1      | Gained mutation: You have large cloven feet. [demonic
                  | ancestry]
   619 | D:1      | Reached XP level 3. HP: 23/24 MP: 6/6
  1009 | D:1      | Reached skill level 4 in Fire Magic
  1332 | D:2      | Noticed Jessica
  1337 | D:2      | Killed Jessica
  1338 | D:2      | Reached skill level 1 in Fighting
  1338 | D:2      | Reached XP level 4. HP: 32/32 MP: 1/7
  1484 | D:2      | Found a faded altar of an unknown god.
  1917 | D:2      | Reached skill level 2 in Fighting
  2199 | D:2      | Noticed Robin
  2248 | D:2      | Reached XP level 5. HP: 39/39 MP: 2/8
  2328 | D:2      | Killed Robin
  2598 | D:2      | Reached skill level 5 in Fire Magic
  3644 | D:3      | You pick up a book of Necromancy and begin reading...
  3644 | D:3      | You add the spells Necrotise, Vampiric Draining and Agony
                  | to your library.
  4433 | D:4      | Noticed a black bear
  4494 | D:4      | Found Ehaewkal's Antique Weapon Emporium.
  4518 | D:4      | You add the spells Gell's Gravitas, Teleport Other and
                  | Dispersal to your library.
  4521 | D:4      | Bought a runed rapier for 161 gold pieces
  4653 | D:4      | You pick up a book of Spatial Translocations and begin
                  | reading...
  4653 | D:4      | You add the spells Blink, Momentum Strike and Lesser
                  | Beckoning to your library.
  4796 | D:4      | Killed a black bear
  4797 | D:4      | Reached skill level 3 in Fighting
  4797 | D:4      | Reached skill level 3 in Spellcasting
  4797 | D:4      | Reached skill level 1 in Evocations
  4797 | D:4      | Gained mutation: You regenerate magic rapidly. [demonic
                  | ancestry]
  4797 | D:4      | Reached XP level 6. HP: 33/48 MP: 0/10
  4974 | D:5      | Entered Level 5 of the Dungeon
  5006 | D:5      | Noticed a water moccasin
  5012 | D:5      | Killed a water moccasin
  5143 | D:5      | Reached skill level 2 in Evocations
  5185 | D:5      | Noticed Sigmund
  5210 | D:5      | You pick up a book of Misfortune and begin reading...
  5210 | D:5      | You add the spells Yara's Violent Unravelling and Enfeeble
                  | to your library.
  5215 | D:5      | Noticed Grinder
  5230 | D:5      | Gained mutation: You are mostly covered in rugged brown
                  | scales. (AC +2, +5% HP) [demonic ancestry]
  5230 | D:5      | Reached XP level 7. HP: 48/55 MP: 12/12
  5233 | D:5      | Killed Grinder
  5234 | D:5      | Reached skill level 4 in Fighting
  5234 | D:5      | Reached skill level 4 in Spellcasting
  5234 | D:5      | Reached skill level 3 in Evocations
  5234 | D:5      | Reached skill level 1 in Short Blades
  5344 | D:5      | Reached skill level 2 in Short Blades
  5438 | D:5      | Reached skill level 3 in Short Blades
  5459 | D:5      | Noticed a kobold demonologist
  5470 | D:5      | Killed a kobold demonologist
  5471 | D:5      | Reached skill level 6 in Short Blades
  5471 | D:5      | Reached XP level 8. HP: 63/63 MP: 10/14
  5537 | D:5      | Killed Sigmund
  5538 | D:5      | Reached skill level 7 in Short Blades
  5770 | D:6      | Found a shadowy altar of Dithmenos.
  5798 | D:6      | Found an iron altar of Okawaru.
  5988 | D:6      | Reached skill level 8 in Short Blades
  5999 | D:6      | Noticed Jeremiah
  6077 | D:6      | Reached skill level 9 in Short Blades
  6145 | D:6      | You pick up a book of Burglary and begin reading...
  6145 | D:6      | You add the spells Passwall, Ensorcelled Hibernation and
                  | Swiftness to your library.
  6626 | D:6      | Noticed Menkaure
  6631 | D:6      | Killed Menkaure
  6632 | D:6      | Reached skill level 10 in Short Blades
  6846 | D:7      | Reached skill level 11 in Short Blades
  6846 | D:7      | Reached XP level 9. HP: 68/68 MP: 5/15
  6855 | D:7      | Reached skill level 2 in Dodging
  6878 | D:7      | Reached skill level 3 in Dodging
  6958 | D:7      | Found a hide-covered altar of Uskayaw.
  7035 | D:7      | Reached skill level 5 in Fighting
  7100 | D:7      | You pick up a book of Alchemy and begin reading...
  7100 | D:7      | You add the spells Sublimation of Blood, Petrify and
                  | Irradiate to your library.
  7123 | D:7      | Found a snail-covered altar of Cheibriados.
  7317 | D:7      | Reached skill level 4 in Dodging
  7400 | D:7      | Reached skill level 6 in Fighting
  7509 | D:7      | Found a basalt altar of Yredelemnul.
  7601 | D:7      | Found a staircase to the Ecumenical Temple.
  7643 | D:7      | Reached skill level 5 in Dodging
  7786 | Temple   | Entered the Ecumenical Temple
  7813 | Temple   | Became a worshipper of Kikubaaqudgha
  8461 | D:8      | Reached skill level 7 in Fighting
  8461 | D:8      | Gained mutation: You regenerate a little health from kills.
                  | [demonic ancestry]
  8461 | D:8      | Reached XP level 10. HP: 76/82 MP: 11/16
  8609 | D:7      | Reached * piety under Kikubaaqudgha
  8609 | D:7      | Received a gift from Kikubaaqudgha
  8908 | D:8      | Reached skill level 6 in Dodging
  9788 | D:9      | Reached skill level 8 in Fighting
  9792 | D:9      | Noticed a rust devil
  9796 | D:9      | Reached skill level 7 in Dodging
  9801 | D:9      | Reached ** piety under Kikubaaqudgha
  9828 | D:9      | Reached skill level 8 in Dodging
  9892 | D:9      | You pick up a book of Displacement and begin reading...
  9931 | D:9      | Reached skill level 1 in Necromancy
 10028 | D:9      | Reached skill level 2 in Necromancy
 10055 | D:9      | Reached skill level 3 in Necromancy
 10183 | D:10     | Entered Level 10 of the Dungeon
 10295 | D:10     | Noticed an elephant
 10342 | D:9      | Killed an elephant
 10343 | D:9      | Reached skill level 4 in Necromancy
 10422 | D:10     | Reached skill level 5 in Necromancy
 10716 | D:10     | Gained mutation: When hurt, damage is shared between your
                  | health and your magic reserves. [demonic ancestry]
 10716 | D:10     | Reached XP level 11. HP: 48/90 MP: 17/17
 10725 | D:10     | Reached skill level 6 in Necromancy
 10862 | D:10     | You pick up a book of Necromancy and begin reading...
 10986 | D:10     | Found a burning altar of Makhleb.
 10987 | D:10     | Found an opulent altar of Gozag.
 10988 | D:10     | Found a hazy altar of Hepliaklqana.
 11043 | D:10     | Found a staircase to the Lair.
 11124 | D:10     | You pick up a book of Conjurations {@e2} and begin
                  | reading...
 11124 | D:10     | You add the spells Magic Dart, Searing Ray and Fulminant
                  | Prism to your library.
 11157 | D:10     | Found a runed translucent gate.
 11157 | D:10     | Found a runed translucent gate.
 11157 | D:10     | Found a runed translucent gate.
 11158 | D:10     | Found an opulent altar of Gozag.
 11159 | D:10     | Noticed an obsidian statue
 11160 | D:10     | Noticed Flugslaktarn's ghost (novice OpSh)
 11181 | D:10     | Noticed an ice dragon
 11260 | Lair:1   | Entered Level 1 of the Lair of Beasts
 11261 | Lair:1   | Identified a scroll of acquirement
 11261 | Lair:1   | Acquired the amulet "Quna" {Faith +Blink MP-9 Dex+9}
 11273 | Lair:1   | Learned a level 4 spell: Animate Dead
 11273 | Lair:1   | magus.rc [v1.9.6]
 11273 | Lair:1   | magus.rc [v1.9.6]
 11302 | Lair:1   | Noticed a boulder beetle
 11322 | Lair:1   | Found a transporter.
 11336 | Lair:1   | You pick up a book of the Wilderness and begin reading...
 11336 | Lair:1   | You add the spells Summon Forest, Summon Mana Viper and
                  | Summon Cactus Giant to your library.
 11380 | Lair:1   | Found a dark tunnel.
 11417 | Lair:1   | Reached skill level 7 in Necromancy
 11466 | Lair:1   | Killed a boulder beetle
 11467 | Lair:1   | Reached skill level 8 in Necromancy
 11488 | Volcano  | Entered a volcano
 11525 | Volcano  | Reached *** piety under Kikubaaqudgha
 11525 | Volcano  | You add the spells Anguish, Dispel Undead and Simulacrum to
                  | your library.
 11525 | Volcano  | Received a gift from Kikubaaqudgha
 11659 | Volcano  | Reached skill level 9 in Necromancy
 11837 | Volcano  | Noticed a hell knight
 11848 | Volcano  | Gained mutation: You expend magic power (3 MP) to
                  | strengthen your wands. [potion of mutation]
 11848 | Volcano  | Gained mutation: Armour fits poorly on your strangely
                  | shaped body. [potion of mutation]
 11862 | Volcano  | Noticed a salamander mystic
 11874 | Volcano  | Killed a salamander mystic
 11875 | Volcano  | Reached skill level 9 in Fighting
 11875 | Volcano  | Reached skill level 10 in Necromancy
 11885 | Volcano  | Killed a hell knight
 11998 | Volcano  | Found a radiant altar of Vehumet.
 12085 | Volcano  | Found a burning altar of Makhleb.
 12158 | Lair:1   | Noticed an anaconda
 12160 | Lair:1   | Noticed a fire crab
 12312 | Lair:1   | Found a transporter.
 12334 | Lair:1   | Reached skill level 10 in Fighting
 12355 | Lair:1   | Noticed Grum
 12369 | Lair:1   | Killed Grum
 12785 | Lair:1   | Gained mutation: You have hoof-like feet. [demonic
                  | ancestry]
 12785 | Lair:1   | Reached XP level 12. HP: 79/101 MP: 7/18
 13260 | Lair:1   | magus.rc [v1.9.6]
 13551 | Lair:1   | Killed an anaconda
 13552 | Lair:1   | Reached skill level 12 in Short Blades
 13552 | Lair:1   | Reached skill level 9 in Dodging
 13931 | Lair:1   | Noticed an alligator
 13931 | Lair:1   | Noticed a dire elephant
 14246 | Lair:1   | Reached **** piety under Kikubaaqudgha
 14348 | Lair:2   | Reached skill level 10 in Dodging
 14521 | Lair:2   | You pick up a book of Death and begin reading...
 14521 | Lair:2   | You add the spells Haunt and Infestation to your library.
 14918 | Lair:2   | Found a hole to the Spider Nest.
 14935 | Lair:2   | Reached skill level 13 in Short Blades
 15310 | Lair:3   | Noticed a seven-headed hydra
 15324 | Lair:3   | Killed a seven-headed hydra
 15459 | Lair:3   | Upgraded the game from 0.31-a0-1096-g246cf0196b to
                  | 0.31-a0-1098-g6898e6545c
 15459 | Lair:3   | magus.rc [v1.9.6]
 15509 | Lair:3   | Gained mutation: You regenerate health from kills. [demonic
                  | ancestry]
 15509 | Lair:3   | Reached XP level 13. HP: 82/108 MP: 7/19
 15568 | Lair:3   | Reached skill level 11 in Dodging
 15718 | Lair:3   | Found a staircase to the Shoals.
 16528 | Lair:4   | Reached ***** piety under Kikubaaqudgha
 17139 | Lair:4   | Reached skill level 14 in Short Blades
 17374 | Lair:4   | Found a staircase to the Slime Pits.
 17379 | Lair:4   | Reached skill level 12 in Dodging
 17652 | Lair:5   | Entered Level 5 of the Lair of Beasts
 18092 | Lair:5   | Reached skill level 11 in Fighting
 18414 | Lair:5   | Noticed Kirke
 18641 | Lair:5   | Killed Kirke
 18823 | Lair:5   | Reached skill level 12 in Fighting
 18864 | Lair:5   | Reached skill level 1 in Armour
 18958 | Lair:5   | Reached skill level 2 in Armour
 18963 | Lair:5   | Gained mutation: You have hooves in place of feet. [demonic
                  | ancestry]
 18963 | Lair:5   | Reached XP level 14. HP: 74/121 MP: 7/20
 19125 | Lair:5   | Reached skill level 3 in Armour
 19137 | Lair:5   | You pick up a book of Geomancy and begin reading...
 19137 | Lair:5   | You add the spells Sandblast, Stone Arrow and Brom's
                  | Barrelling Boulder to your library.
 19418 | Lair:5   | Found a runed translucent door.
 19638 | Lair:5   | Reached ****** piety under Kikubaaqudgha
 19773 | Lair:5   | Reached skill level 4 in Armour
 19882 | Lair:5   | Identified a +6 rapier of pain {short} (a +4 rapier of
                  | protection {short} bloodied by Kikubaaqudgha)
 19882 | Lair:5   | Received a gift from Kikubaaqudgha
 19887 | Lair:5   | Reached skill level 13 in Fighting
 20509 | Lair:1   | Acquired 456 gold pieces
 20776 | D:10     | Reached skill level 14 in Fighting
 20930 | D:11     | Found a frozen archway.
 20955 | IceCv    | Entered an ice cave
 21292 | IceCv    | Identified the +0 helmet of Protective Custody {+Blink
                  | Str+3 Dex+3 SInv}
 21340 | IceCv    | Reached skill level 1 in Shields
 21548 | IceCv    | You pick up a book of Unlife and begin reading...
 21548 | IceCv    | You add the spells Borgnjor's Vile Clutch and Death Channel
                  | to your library.
 21658 | IceCv    | Reached skill level 2 in Shields
 21819 | IceCv    | Identified a +2 crystal plate armour of cold resistance
 21820 | IceCv    | Q - a +2 crystal plate armour of cold resistance {rare=g}
 21856 | IceCv    | Reached skill level 3 in Shields
 21905 | IceCv    | Noticed a reaper
 21925 | IceCv    | HP: 27/126 [reaper/+2 scythe of freezing (36)]
 21936 | IceCv    | HP: 27/126 [constriction (2)]
 22228 | IceCv    | Killed a reaper
 22556 | D:11     | Reached skill level 4 in Shields
 22623 | D:11     | Found a shimmering blue altar of Sif Muna.
 22879 | D:11     | You drop a +2 crystal plate armour of cold resistance
                  | {rare=g}.
 22880 | D:11     | Q - a +2 crystal plate armour of cold resistance {rare=g}
 22990 | D:11     | Reached skill level 5 in Shields
 23549 | D:12     | Noticed Nergalle
 23550 | D:12     | Killed Nergalle
 23600 | D:12     | Found a gate leading to a gauntlet.
 23631 | Gauntlet | Entered a Gauntlet
 23631 | Gauntlet | Found a transporter.
 23637 | Gauntlet | Found a runed translucent door.
 23641 | Gauntlet | Found a transporter.
 23646 | Gauntlet | Found a runed translucent door.
 23648 | Gauntlet | Found a runed translucent door.
 23651 | Gauntlet | Found a transporter.
 23655 | Gauntlet | Found a transporter.
 23656 | Gauntlet | Noticed a cacodemon
 23663 | Gauntlet | Found a transporter.
 23679 | Gauntlet | Found a transporter.
 23690 | Gauntlet | Found a transporter.
 23695 | Gauntlet | Found a transporter.
 23695 | Gauntlet | Found a transporter.
 23704 | Gauntlet | Found a transporter.
 23706 | Gauntlet | Found a transporter.
 23708 | Gauntlet | Found a transporter.
 23732 | Gauntlet | Found a transporter.
 23746 | Gauntlet | Found a transporter.
 23869 | Gauntlet | Identified the +0 robe "Wiomu" {Will+ SInv}
 23897 | Gauntlet | Reached skill level 6 in Shields
 24011 | Gauntlet | Identified the ring of Fucs {rF+ rN+ Int+4}
 24073 | Gauntlet | Identified the +7 dire flail "Spiderslayer" {pain, Int+9}
 24078 | Gauntlet | HP: 23/126 [minotaur/javelin (19)]
 24085 | Gauntlet | HP: 25/126 [minotaur/javelin (15)]
 24145 | Gauntlet | Identified the staff "Yci Lotodarch" {rPois Int+3 Poison}
 24145 | Gauntlet | Identified the ring of Emmaval {Wiz rElec Will- Dex+4}
 24146 | Gauntlet | You pick up a book of Blood and begin reading...
 24146 | Gauntlet | You add the spells Wereblood and Summon Hydra to your
                  | library.
 24164 | D:12     | Noticed Azrael
 24309 | D:12     | Killed Azrael
 24310 | D:12     | Reached skill level 7 in Shields
 24379 | D:12     | Reached XP level 15. HP: 106/132 MP: 4/21
 24435 | D:12     | Learned a level 2 spell: Wereblood
 24551 | D:12     | Identified the +8 flail "Rybruomi" {heavy, rC+ rN++ Int-4
                  | Dex-2}
 24584 | D:12     | Reached skill level 1 in Transmutations
 24591 | D:12     | Noticed Frances
 24600 | D:12     | Noticed Josephine
 24804 | D:12     | Found a staircase to the Orcish Mines.
 24840 | Orc:1    | Entered Level 1 of the Orcish Mines
 25133 | Orc:1    | Noticed Fannar
 25136 | Orc:1    | Reached skill level 2 in Transmutations
 25150 | Orc:1    | Killed Fannar
 25205 | Orc:1    | Found Maokiack's Antique Weapon Boutique.
 25230 | Orc:2    | Entered Level 2 of the Orcish Mines
 25263 | Orc:1    | Noticed Harold
 25271 | Orc:2    | Killed Harold
 25587 | Orc:2    | Found a staircase to the Elven Halls.
 25711 | Orc:2    | Reached skill level 3 in Transmutations
 25744 | Orc:2    | Reached skill level 13 in Dodging
 25950 | Orc:2    | Found Uraoc's Book Shoppe.
 25950 | Orc:2    | Found Zily's Distillery.
 25952 | Orc:2    | Found Seukodi's Distillery.
 25954 | Orc:2    | Found Mosmotud's Weapon Emporium.
 25959 | Orc:2    | Bought a potion of heal wounds for 70 gold pieces
 25959 | Orc:2    | Bought a potion of heal wounds for 70 gold pieces
 25959 | Orc:2    | Bought a potion of might for 56 gold pieces
 25961 | Orc:2    | Bought a potion of mutation for 88 gold pieces
 25961 | Orc:2    | Bought a potion of mutation for 88 gold pieces
 25961 | Orc:2    | Bought a potion of resistance for 110 gold pieces
 25961 | Orc:2    | Bought a potion of resistance for 110 gold pieces
 26094 | Orc:2    | Bought 2 potions of curing for 84 gold pieces
 26094 | Orc:2    | Bought a potion of curing for 42 gold pieces
 26094 | Orc:2    | Bought a potion of curing for 42 gold pieces
 26094 | Orc:2    | Lost mutation: You expend magic power (3 MP) to strengthen
                  | your wands. [potion of mutation]
 26094 | Orc:2    | Lost mutation: Armour fits poorly on your strangely shaped
                  | body. [potion of mutation]
 26094 | Orc:2    | Gained mutation: Your magical capacity is low. (-10% MP)
                  | [potion of mutation]
 26171 | D:12     | Killed Frances
 26172 | D:12     | Reached skill level 4 in Transmutations
 26191 | D:12     | Killed Josephine
 26732 | D:13     | You pick up a book of Sloth and begin reading...
 26732 | D:13     | You add the spells Frozen Ramparts and Metabolic
                  | Englaciation to your library.
 26989 | D:13     | Noticed Snorg
 26998 | D:13     | Killed Snorg
 26999 | D:13     | Reached skill level 5 in Transmutations
 27166 | D:13     | Found a gate to the Vaults.
 27212 | D:13     | Reached skill level 5 in Armour
 27386 | D:13     | Found a portal to a secret trove of treasure.
 27608 | D:14     | Identified the +0 robe of Ynnuolie {Str+5 Int-5}
 27736 | D:14     | Reached skill level 6 in Transmutations
 27945 | D:14     | Reached skill level 6 in Armour
 27993 | D:14     | Identified the +7 flail "Poaxt" {freeze, *Corrode rPois rC+
                  | rN+ Int+2}
 28362 | D:14     | Reached skill level 7 in Armour
 28390 | D:15     | Entered Level 15 of the Dungeon
 28422 | D:15     | Found a staircase to the Depths.
 28809 | D:15     | Learned a level 5 spell: Borgnjor's Vile Clutch
 28816 | D:15     | Learned a level 6 spell: Death Channel
 28866 | D:15     | You pick up a book of Annihilations and begin reading...
 28866 | D:15     | You add the spells Chain Lightning, Fire Storm and Shatter
                  | to your library.
 28932 | D:15     | Reached skill level 8 in Armour
 29240 | D:15     | Gained mutation: You are completely covered in rugged brown
                  | scales. (AC +3, +7% HP) [demonic ancestry]
 29240 | D:15     | Reached XP level 16. HP: 132/142 MP: 0/19
 29383 | D:15     | Reached skill level 9 in Armour
 29810 | Lair:1   | magus.rc [v1.9.6]
 29860 | Spider:1 | Entered Level 1 of the Spider Nest
 30200 | Spider:1 | Reached skill level 1 in Earth Magic
 30648 | Spider:1 | Reached skill level 2 in Earth Magic
 31292 | Spider:1 | Reached skill level 5 in Spellcasting
 31641 | Spider:2 | Noticed Mlioglotl
 31648 | Spider:2 | Killed Mlioglotl
 31655 | Spider:2 | Reached skill level 3 in Earth Magic
 31855 | Spider:2 | Reached skill level 10 in Armour
 31878 | Spider:2 | Identified the +4 quarterstaff "Hydraslayer" {flame, Str+2}
 31957 | Spider:2 | Reached skill level 11 in Necromancy
 32189 | Spider:2 | Reached skill level 4 in Earth Magic
 32216 | Spider:2 | Reached skill level 6 in Spellcasting
 32683 | Spider:3 | Noticed Arachne
 32709 | Spider:1 | HP: 33/142 [Arachne/staff of poison (26)]
 32712 | Spider:1 | Killed Arachne
 32713 | Spider:1 | magus.rc [v1.9.6]
 32952 | Spider:3 | Reached skill level 5 in Earth Magic
 33058 | Spider:3 | Reached skill level 12 in Necromancy
 33255 | Spider:3 | Noticed Bai Suzhen
 33296 | Spider:3 | Killed Bai Suzhen
 33297 | Spider:3 | Reached skill level 6 in Earth Magic
 33303 | Spider:3 | Reached XP level 17. HP: 61/148 MP: 1/23
 33688 | Spider:3 | Reached skill level 13 in Necromancy
 34128 | Spider:4 | Entered Level 4 of the Spider Nest
 34157 | Spider:4 | Noticed Donald
 34173 | Spider:4 | Killed Donald
 34298 | Spider:4 | You add the spells Cigotuvi's Dreadful Rot and Iskenderun's
                  | Battlesphere to your library.
 34298 | Spider:4 | Got Sif Muna's Guidebook on Scintillating Black Arts
 34299 | Spider:4 | Noticed Louise
 34317 | Spider:4 | Killed Louise
 34318 | Spider:4 | Reached skill level 14 in Necromancy
 34365 | Spider:4 | Noticed Nikola
 34450 | Spider:4 | Killed Nikola
 35008 | Spider:4 | Found the +3 pair of mountain boots {steadfast, rC+}
 35111 | Spider:4 | Reached skill level 14 in Dodging
 35113 | Spider:4 | Got a gossamer rune of Zot
 35368 | D:14     | Learned a level 4 spell: Anguish
 35558 | Shoals:1 | Entered Level 1 of the Shoals
 35640 | Shoals:1 | Reached skill level 1 in Hexes
 35706 | Shoals:1 | Reached skill level 15 in Fighting
 35706 | Shoals:1 | Reached skill level 2 in Hexes
 35765 | Shoals:1 | Reached skill level 3 in Hexes
 36407 | Shoals:1 | magus.rc [v1.9.6]
 37049 | Shoals:2 | Gained mutation: Your magical and physical power is
                  | slightly enhanced at high health. [demonic ancestry]
 37049 | Shoals:2 | Reached XP level 18. HP: 135/159 MP: 8/24
 37948 | Orc:2    | Bought a potion of enlightenment for 55 gold pieces
 37948 | Orc:2    | Bought a potion of enlightenment for 55 gold pieces
 37952 | Orc:2    | Bought 2 potions of curing for 66 gold pieces
 37952 | Orc:2    | Bought 2 potions of curing for 66 gold pieces
 38317 | Shoals:3 | Reached skill level 15 in Dodging
 38542 | Shoals:3 | Reached skill level 16 in Fighting
 38556 | Shoals:3 | Identified the +10 trident "Usiera" {freeze, rC+ rCorr
                  | Str+2}
 38618 | Shoals:3 | Noticed Polyphemus
 38634 | Shoals:3 | Killed Polyphemus
 38975 | Shoals:4 | Entered Level 4 of the Shoals
 39057 | Shoals:4 | Reached skill level 16 in Dodging
 39079 | Shoals:4 | Reached skill level 3 in Stealth
 39083 | Shoals:4 | Reached skill level 4 in Evocations
 39119 | Shoals:3 | Reached skill level 4 in Stealth
 39345 | Shoals:3 | Reached skill level 5 in Evocations
 39791 | Shoals:4 | Reached skill level 5 in Stealth
 39873 | Shoals:4 | You pick up a book of the Hunter and begin reading...
 39873 | Shoals:4 | You add the spells Sigil of Binding, Call Canine Familiar,
                  | Dimensional Bullseye and Leda's Liquefaction to your
                  | library.
 39888 | Shoals:4 | Reached skill level 6 in Evocations
 39901 | Shoals:4 | Identified the +0 rapier "Afeqijo" {elec, *Corrode rPois
                  | rN+++ Stlth+}
 39901 | Shoals:4 | Identified the +5 dagger "Ilyloushre" {holy, rC+}
 39978 | Shoals:4 | Got a barnacled rune of Zot
 40418 | Vaults:1 | Entered Level 1 of the Vaults
 40524 | Vaults:1 | Reached skill level 6 in Stealth
 40719 | Vaults:1 | Reached skill level 7 in Evocations
 40813 | Vaults:1 | Noticed Norris
 40835 | Vaults:1 | Killed Norris
 40836 | Vaults:1 | Reached skill level 7 in Stealth
 40836 | Vaults:1 | Reached XP level 19. HP: 167/167 MP: 1/25
 41036 | Vaults:1 | Reached skill level 8 in Evocations
 41259 | Vaults:1 | Reached skill level 8 in Stealth
 41379 | Vaults:1 | You pick up a book of the Warp and begin reading...
 41379 | Vaults:1 | You add the spells Manifold Assault and Disjunction to your
                  | library.
 41758 | Vaults:1 | Reached skill level 9 in Evocations
 42256 | Vaults:2 | Found a crumbling gateway.
 42317 | Desolati | Entered the Desolation of Salt
 42469 | Desolati | Reached skill level 4 in Hexes
 42480 | Desolati | Identified the ring "Naloh" {rN+ Int+7 SInv}
 42532 | Desolati | Found the +8 Vampire's Tooth {megavamp}
 42644 | Desolati | Reached skill level 5 in Hexes
 42660 | Desolati | Reached skill level 10 in Evocations
 42741 | Desolati | Identified the +3 orcbow of Valiance {speed, Will+}
 42854 | Desolati | Reached skill level 6 in Hexes
 43192 | Desolati | You add the spells Static Discharge and Eringya's Noxious
                  | Bog to your library.
 43192 | Desolati | Got Sif Muna's Octavo of Foul Bombardment
 43193 | Desolati | Identified the ring "Jilefar" {*Corrode Fly AC+4 Str+4
                  | Int+2}
 43198 | Desolati | Got the Spellbook of Flesh
 43265 | Desolati | Reached skill level 7 in Hexes
 43309 | Desolati | Reached skill level 8 in Hexes
 43338 | Desolati | Reached skill level 9 in Hexes
 43472 | Desolati | Reached skill level 10 in Hexes
 43755 | Desolati | Identified the amulet "Ydasm" {+Inv Regen+ Int+2}
 43758 | Desolati | You pick up a book of Cantrips and begin reading...
 43758 | Desolati | You add the spells Summon Small Mammal and Apportation to
                  | your library.
 43765 | Desolati | You add the spells Summon Ice Beast, Spellforged Servitor
                  | and Monstrous Menagerie to your library.
 43765 | Desolati | Got the Directory of Unified Cryomancy
 43837 | Desolati | Reached skill level 7 in Spellcasting
 44344 | Desolati | Reached skill level 8 in Spellcasting
 44986 | Vaults:2 | You pick up a book of Winter and begin reading...
 45145 | Vaults:2 | Reached skill level 9 in Spellcasting
 45162 | Vaults:2 | Gained mutation: Your magical and physical power is
                  | enhanced at high health. [demonic ancestry]
 45162 | Vaults:2 | Reached XP level 20. HP: 175/175 MP: 0/30
 45302 | Vaults:2 | Found a staircase to the Crypt.
 45554 | Vaults:2 | Reached skill level 10 in Spellcasting
 45661 | Vaults:2 | Reached skill level 11 in Hexes
 45821 | Vaults:2 | Identified the +1 robe of Serendipity {Int+2}
 46047 | Vaults:3 | Found a transporter.
 46055 | Vaults:3 | Found a transporter.
 46213 | Vaults:3 | Reached skill level 12 in Hexes
 46316 | Vaults:3 | You are sucked into a shaft and drop 1 floor!
 46402 | Vaults:4 | Found a gateway to a bazaar.
 46411 | Bazaar   | Entered a bazaar
 46411 | Bazaar   | Found Rakhaorgh's Distillery.
 46421 | Bazaar   | Found Aluwn's Antique Armour Emporium.
 46432 | Bazaar   | Found Xifa Voa's Jewellery Boutique.
 46440 | Bazaar   | Found Tarotris's Antique Weapon Boutique.
 46451 | Bazaar   | Found Heucon's General Store.
 46481 | Bazaar   | Bought a potion of haste for 130 gold pieces
 46481 | Bazaar   | Bought a potion of resistance for 130 gold pieces
 46481 | Bazaar   | Bought a potion of cancellation for 104 gold pieces
 46492 | Bazaar   | Bought glowing shadow dragon scales for 2241 gold pieces
 46492 | Bazaar   | c - +1 shadow dragon scales {rare}
 46546 | Vaults:4 | Reached skill level 8 in Shields
 46870 | Vaults:4 | Reached skill level 9 in Shields
 47439 | Vaults:4 | Reached skill level 10 in Shields
 48478 | Vaults:3 | Reached skill level 15 in Necromancy
 48562 | Vaults:3 | You pick up a book of Dangerous Friends and begin
                  | reading...
 48562 | Vaults:3 | You add the spells Summon Guardian Golem and Orb of
                  | Destruction to your library.
 49175 | Elf:1    | Entered Level 1 of the Elven Halls
 49283 | Elf:1    | You pick up a book of the Wilderness and begin reading...
 49371 | Elf:1    | Reached skill level 16 in Necromancy
 49385 | Elf:1    | Found a runed translucent gate.
 49385 | Elf:1    | Found a runed translucent gate.
 49385 | Elf:1    | Found a runed translucent gate.
 49385 | Elf:1    | Found a runed translucent gate.
 49385 | Elf:1    | Found a runed translucent gate.
 49386 | Elf:1    | Found a runed translucent gate.
 49624 | Elf:1    | You pick up a book of Dreams and begin reading...
 49650 | Elf:1    | Gained mutation: You regenerate a lot of health from kills.
                  | [demonic ancestry]
 49650 | Elf:1    | Reached XP level 21. HP: 170/182 MP: 19/31
 49686 | Elf:1    | Paralysed by an air elemental for 1 turns
 50501 | Elf:2    | Reached skill level 17 in Fighting
 50508 | Elf:2    | You pick up a book of Frost and begin reading...
 50508 | Elf:2    | You add the spells Freeze and Hailstorm to your library.
 50546 | Elf:2    | Found Nikekh's Distillery.
 50555 | Elf:2    | Bought 2 potions of invisibility for 304 gold pieces
 50555 | Elf:2    | Bought a potion of mutation for 152 gold pieces
 50555 | Elf:2    | Bought a potion of mutation for 152 gold pieces
 50754 | Elf:2    | Found a runed translucent gate.
 50755 | Elf:2    | Found a runed translucent gate.
 50755 | Elf:2    | Found a runed translucent gate.
 50885 | Elf:3    | Entered Level 3 of the Elven Halls
 51027 | Elf:3    | Found Vusenoty's Magic Scroll Shop.
 51030 | Elf:3    | Bought a scroll of revelation for 150 gold pieces
 51030 | Elf:3    | Bought a scroll of enchant armour for 150 gold pieces
 51182 | Elf:3    | Reached skill level 17 in Dodging
 51660 | Elf:3    | Reached skill level 11 in Shields
 51661 | Elf:3    | Identified the ring of Ratwiocu {rPois rC+ rCorr Dex-5}
 51862 | Elf:3    | Reached skill level 12 in Shields
 51993 | Elf:3    | Got the Octavo of the Special Wonders
 51998 | Elf:3    | Got the Compendium of Lethal Fever
 52044 | Elf:3    | Identified the +7 rapier of Destruction {antimagic, rC+}
 52048 | Elf:3    | Identified the +2 shortbow of Zifeh {freeze, Dex+2}
 52055 | Elf:3    | Identified the staff "Fejettu" {Dex+6 Stlth+ Earth}
 52077 | Elf:3    | Identified the +9 hand axe of the Illusory Places {chaos,
                  | rC+ Will+}
 52098 | Elf:3    | Identified the +1 trident of Tenacity {venom, rN+ Str+3}
 52104 | Elf:3    | Got the Compendium of Maledictive Exhalation
 52522 | Depths:1 | Entered Level 1 of the Depths
 52548 | Depths:1 | Learned a level 5 spell: Yara's Violent Unravelling
 52735 | Depths:1 | Reached skill level 18 in Fighting
 52764 | Depths:1 | Found an ancient bone altar of Kikubaaqudgha.
 52872 | Depths:1 | Found a one-way gate leading to the halls of Pandemonium.
 52953 | Depths:1 | Reached skill level 13 in Shields
 53031 | Depths:1 | Found a gateway to Hell.
 53131 | Depths:1 | Reached skill level 14 in Shields
 53166 | Depths:1 | Reached XP level 22. HP: 196/196 MP: 19/32
 53716 | Depths:2 | Reached skill level 15 in Shields
 53820 | Depths:2 | Learned a level 4 spell: Dispel Undead
 53824 | Depths:2 | Identified the +1 glaive of Zieno {flame, rPois Int+4
                  | Dex-2}
 53865 | Depths:2 | Noticed a royal mummy
 53908 | Depths:2 | Killed a royal mummy
 53929 | Depths:2 | Noticed a royal mummy
 53943 | Depths:2 | Killed a royal mummy
 53952 | Depths:2 | Noticed a royal mummy
 53970 | Depths:2 | Killed a royal mummy
 54111 | Depths:2 | Found the +7 sceptre of Torment {pain, torment}
 54309 | Depths:3 | Reached skill level 17 in Necromancy
 54352 | Depths:3 | Found a one-way gate to the infinite horrors of the Abyss.
 54477 | Depths:3 | Found a one-way gateway to a ziggurat.
 54749 | Depths:3 | Reached skill level 18 in Necromancy
 55107 | Depths:3 | Noticed a golden dragon
 55117 | Depths:4 | Entered Level 4 of the Depths
 55311 | Depths:3 | Reached skill level 19 in Necromancy
 55317 | Depths:3 | Killed a golden dragon
 55638 | Depths:4 | Noticed Xtahua
 55651 | Depths:4 | Killed Xtahua
 55940 | Depths:4 | Noticed a caustic shrike
 55947 | Depths:4 | Killed a caustic shrike
 55995 | Depths:4 | You pick up a book of the Senses and begin reading...
 55995 | Depths:4 | You add the spells Dazzling Flash and Silence to your
                  | library.
 56043 | Depths:4 | Found Berinnex's Book Shoppe.
 56048 | Depths:4 | Noticed a caustic shrike
 56050 | Depths:4 | Noticed a caustic shrike
 56051 | Depths:4 | Noticed a caustic shrike
 56058 | Depths:4 | Your ally Xtahua died
 56059 | Depths:4 | Killed a caustic shrike
 56060 | Depths:4 | Reached skill level 20 in Necromancy
 56063 | Depths:4 | Killed a caustic shrike
 56065 | Depths:4 | Killed a caustic shrike
 56069 | Depths:4 | Noticed a caustic shrike
 56074 | Depths:4 | Killed a caustic shrike
 56216 | Depths:4 | Found a gate to the Realm of Zot.
 57124 | Depths:4 | Reached XP level 23. HP: 203/203 MP: 21/33
 57565 | Vaults:4 | Learned a level 8 spell: Infestation
 57583 | Vaults:5 | Entered Level 5 of the Vaults
 57593 | Vaults:5 | Reached skill level 21 in Necromancy
 57644 | Vaults:5 | Reached skill level 22 in Necromancy
 57692 | Vaults:5 | Noticed a dread lich
 57711 | Vaults:5 | Killed a dread lich
 57773 | Vaults:5 | Identified the +6 shortbow "Musaf" {heavy, rElec rPois
                  | Dex-2 SInv}
 57848 | Vaults:5 | You drop +1 shadow dragon scales {rare}.
 57863 | Vaults:5 | Identified the +7 morningstar of the Orcish Mines {heavy,
                  | rF+ rC+ Dex-4}
 57871 | Vaults:5 | Got a silver rune of Zot
 57991 | Vaults:5 | Identified the +8 spear of Capital Punishment {drain,
                  | rElec}
 58278 | Vaults:5 | You add the spells Animate Armour and Summon Horrible
                  | Things to your library.
 58278 | Vaults:5 | Got the Octavo of the Union
 58280 | Vaults:5 | You pick up a book of the Warp and begin reading...
 58312 | Vaults:5 | You pick up a book of Lightning and begin reading...
 58312 | Vaults:5 | You add the spells Vhi's Electric Charge, Arcjolt and
                  | Plasma Beam to your library.
 58341 | Vaults:5 | Found the +8 demon blade "Leech" {evervamp, Harm Drain rN+}
 58513 | Vaults:5 | Found Waas's Jewellery Boutique.
 58522 | Vaults:5 | Identified the +9 rapier of the Endless Expanse {flame, rF+
                  | Str+4 Stlth+}
 58526 | Vaults:5 | You pick up a book of Party Tricks and begin reading...
 59183 | Slime:1  | Entered Level 1 of the Pits of Slime
 59422 | Slime:3  | Reached skill level 19 in Fighting
 59451 | Slime:4  | Reached skill level 18 in Dodging
 59495 | Slime:5  | Entered Level 5 of the Pits of Slime
 59576 | Slime:5  | Reached XP level 24. HP: 189/215 MP: 11/33
 59687 | Slime:5  | Found a viscous altar of Jiyva.
 59687 | Slime:5  | Noticed the Royal Jelly
 60418 | Slime:5  | Killed the Royal Jelly
 60472 | Slime:5  | Identified the +7 scale mail "Zegiloo" {Str+6}
 60485 | Slime:5  | Got the Directory of Contaminated Confrontation
 60487 | Slime:5  | You pick up a book of the Warp and begin reading...
 60490 | Slime:5  | Identified the staff of the Red God {Contam Drain rPois rN+
                  | Int+6 Necro}
 60501 | Slime:5  | You pick up a book of Lightning and begin reading...
 60514 | Slime:5  | Got Further Steps in Hermetics
 60519 | Slime:5  | Identified the ring of Zushe {rPois Will+ Str+4}
 60531 | Slime:5  | Identified the storm talisman "Wuna" {MP+9 Int+3}
 60573 | Slime:5  | Got a slimy rune of Zot
 60576 | Slime:5  | Identified the +0 chain mail of Time Monsters {Harm rElec
                  | Int-4 Dex+4}
 60618 | Slime:5  | Identified the +7 morningstar "Arbiter" {flame, Str+4 Int+3
                  | Dex+3 SInv}
 61139 | Zot:1    | Entered Level 1 of the Realm of Zot
 61568 | Zot:2    | Reached skill level 20 in Fighting
 61642 | Zot:3    | Reached skill level 19 in Dodging
 61774 | Zot:5    | Entered Level 5 of the Realm of Zot
 61775 | Zot:5    | Noticed an ancient lich
 62370 | Zot:5    | Noticed a dread lich
 62528 | Zot:5    | Killed a dread lich
 62529 | Zot:5    | Reached skill level 20 in Dodging
 62634 | Zot:5    | Noticed an orb of fire
 62950 | Zot:5    | Noticed an electric golem
 62957 | Zot:5    | Killed an electric golem
 62969 | Zot:5    | Killed an orb of fire
 62978 | Zot:5    | Noticed a Killer Klown
 62983 | Zot:5    | Noticed an orb of fire
 62995 | Zot:5    | Killed a Killer Klown
 63003 | Zot:5    | Killed an orb of fire
 63157 | Zot:5    | Reached skill level 21 in Fighting
 63208 | Zot:5    | Got the Orb of Zot
 63212 | Zot:5    | Noticed an orb of fire
 63360 | Zot:1    | +0 shadow dragon scales {rare}; a shadow dragon skeleton
 63875 | D:1      | Noticed Itsa the pandemonium lord
 63876 | D:1      | Gained mutation: When low on magic, you restore magic in
                  | place of health. [demonic ancestry]
 63876 | D:1      | Reached XP level 25. HP: 230/230 MP: 8/33
 63918 | D:$      | Escaped with the Orb!

Vanquished Creatures
  the Royal Jelly (Slime:5)
  2 dread liches
  An orb of fire (Zot:5)
  3 royal mummies (Depths:2)
  5 caustic shrikes (Depths:4)
  Nikola (Spider:4)
  2 golden dragons
  5 tentacled monstrosities
  A Brimstone Fiend (D:1)
  2 liches
  A walking crystal tome (Depths:4)
  10 Orb Guardians
  A deep elf blademaster (Elf:3)
  2 deep elf master archers (Elf:3)
  A sphinx (Depths:3)
  A walking frostbound tome (Depths:4)
  15 acid blobs (Slime:5)
  2 quicksilver dragons
  5 death cobs (Zot:5)
  Frances (D:12)
  Kirke (Lair:5)
  2 tengu reavers
  5 shadow dragons
  4 storm dragons
  9 rockslimes
  7 azure jellies (Slime:5)
  2 iron dragons
  2 draconian knights (Depths:4)
  5 frost giants
  5 fire giants
  4 deep elf sorcerers
  3 imperial myrmidons (Desolation)
  3 ghost moths
  4 emperor scorpions
  20 vault wardens
  3 deep elf elementalists (Elf:3)
  3 draconian shifters
  3 draconian annihilators
  11 very ugly things
  2 spriggan defenders (Depths:3)
  A formless jellyfish (Slime:2)
  2 reapers
  7 stone giants
  12 ironbound preservers
  A vampire knight (Depths:4)
  2 broodmothers
  9 quicksilver oozes
  Azrael (D:12)
  3 ironbound thunderhulks
  12 deep elf demonologists
  2 green draconians
  A minotaur (Shoals:3)
  A lorocyproca (Depths:4)
  3 black draconians
  7 dire elephants
  A white draconian (Zot:4)
  4 yellow draconians
  A purple draconian (Zot:5)
  7 deep elf annihilators (Elf:3)
  6 spark wasps
  3 red draconians
  A green death (Depths:2)
  An eidolon (Vaults:2)
  Snorg (D:13)
  9 ettins
  2 crystal guardians
  2 mummy priests (Depths:2)
  A jiangshi (Vaults:2)
  5 deep elf death magi
  5 entropy weavers
  3 merfolk javelineers
  Josephine (D:12)
  8 ragged hierophants (Desolation)
  8 deep elf high priests
  9 fire dragons
  9 great orbs of eyes
  5 yaktaur captains
  3 rakshasas
  5 servants of whispers
  7 merfolk impalers
  7 ice dragons
  19 vault guards
  Fannar (Orc:1)
  12 peacekeepers
  3 hydras
  A merfolk avatar (Shoals:3)
  2 spriggan air magi (Depths:3)
  5 ironbound frosthearts
  4 radroaches
  Harold (Orc:2)
  An anaconda (Lair:1)
  4 centaur warriors
  7 two-headed ogres
  4 catoblepae
  3 ogre magi
  6 satyrs
  5 boulder beetles
  A death scarab (Spider:4)
  5 tengu warriors
  3 deep troll shamans
  2 death yaks
  An orc high priest (Elf:1)
  4 deep troll earth magi
  30 dancing weapons
  A vampire mage (Depths:3)
  An occultist (Depths:3)
  4 demonic crawlers
  7 hell knights
  4 spriggan berserkers (Depths:3)
  A sun demon (D:13)
  3 soul eaters
  Nergalle (D:12)
  2 fire crabs (Lair:1)
  5 skeletal warriors
  17 deep elf knights
  A sixfirhy (Depths:4)
  5 iron trolls
  A shadow wraith (Vaults:5)
  9 sea snakes
  5 skysharks
  29 deep trolls
  2 pharaoh ants
  2 sun moths (Spider:3)
  3 orb spiders
  6 glowing orange brains
  14 deep elf archers
  A flayed ghost (Depths:3)
  2 arcanists
  An obsidian statue (Zot:5)
  2 phantasmal warriors
  2 steelbarb worms
  10 lindwurms
  2 orc knights (Orc:2)
  24 deep elf pyromancers
  28 deep elf zephyrmancers
  6 necromancers
  20 ironbound convokers
  14 harpies
  A shining eye (Slime:5)
  28 ugly things
  11 wolf spiders
  A tengu skeleton (Depths:1)
  An orc sorcerer (Orc:1)
  A fire giant zombie (Depths:1)
  3 cyclopes
  11 manticores
  A stone giant zombie (Depths:1)
  A fire giant skeleton (Vaults:2)
  A rust devil (Gauntlet)
  An ice statue (IceCv)
  2 moths of wrath
  4 salamanders (Volcano)
  7 black mambas
  17 fauns
  4 merfolk sirens (Shoals:3)
  13 elephants
  4 guardian serpents (Desolation)
  11 torpor snails
  A molten gargoyle (Desolation)
  13 vault sentinels
  A guardian serpent (shapeshifter) (Depths:3)
  2 hellions
  A smoke demon (Gauntlet)
  4 gargoyles
  An eye of devastation (Slime:5)
  11 cane toads
  4 water nymphs
  An unseen horror (D:13)
  4 rime drakes
  4 ice devils
  2 efreet
  3 kobold blastminers (Orc:2)
  4 kobold demonologists
  6 komodo dragons
  3 anaconda simulacra (IceCv)
  A red devil (Gauntlet)
  20 yaktaurs
  3 tengu conjurers (Depths:1)
  3 wind drakes
  A queen bee (shapeshifter) (Elf:1)
  4 trolls
  4 tyrant leeches (Lair:5)
  A troll (shapeshifter) (D:15)
  A polar bear (Lair:5)
  A meliai (Lair:1)
  14 merfolk
  Grinder (D:5)
  67 saltlings
  A blink frog (shapeshifter) (D:14)
  15 elf zombies (Elf:3)
  2 polar bears (shapeshifter) (D:13)
  23 tarantellas
  8 blink frogs
  4 dream sheep (Lair:5)
  10 hornets
  3 glass eyes
  9 snapping turtles
  Sigmund (D:5)
  44 slime creatures
  22 culicivoras
  16 jumping spiders
  2 air elementals
  A spriggan (Depths:3)
  A dire elephant simulacrum (IceCv)
  2 shadows
  4 wraiths
  6 wyverns
  20 yaks
  A ynoxinul (Gauntlet)
  5 fire bats (Volcano)
  17 water elementals
  A basilisk (Lair:1)
  Grum (Lair:1)
  53 redbacks
  7 golden eyes
  8 fire elementals
  4 steam dragons
  32 vampire mosquitoes
  2 hogs (Lair:5)
  2 death yak simulacra (IceCv)
  Menkaure (D:6)
  3 acid dragons
  2 hydra simulacra (IceCv)
  16 water moccasins
  2 black bears
  2 hornet zombies (D:7)
  2 hell hounds
  A sky beast (D:7)
  29 orc warriors
  An ice beast (IceCv)
  A merfolk zombie (Shoals:4)
  5 ogres
  8 wolves
  10 boggarts
  15 centaurs
  A human skeleton (Vaults:2)
  2 phantoms (D:6)
  4 kobold brigands
  15 bullfrogs
  5 two-headed ogre simulacra (IceCv)
  3 gnoll sergeants
  A necrophage (D:7)
  A scorpion (shapeshifter) (Elf:1)
  A wyvern zombie (D:7)
  2 water moccasin zombies (D:7)
  A cane toad simulacrum (IceCv)
  3 scorpions
  16 wights
  10 killer bees
  2 elephant simulacra (IceCv)
  2 electric eels (D:11)
  A howler monkey (D:9)
  2 crimson imps (Gauntlet)
  4 lava snakes (Volcano)
  3 hounds
  5 human zombies
  5 jellies
  A gnoll bouda (D:7)
  7 orc priests
  3 iron imps (Gauntlet)
  Jessica (D:2)
  3 iguanas
  A sleepcap (D:5)
  17 orc wizards
  2 hell rats (Lair:1)
  5 spriggan simulacra (IceCv)
  3 polar bear simulacra (IceCv)
  10 troll simulacra (IceCv)
  A wolf simulacrum (IceCv)
  A killer bee zombie (D:7)
  An ogre zombie (Orc:2)
  4 mummies (D:7)
  Robin (D:2)
  21 gnolls
  13 adders
  7 naga simulacra (IceCv)
  3 orc zombies
  7 white imps
  6 ufetubi (IceCv)
  2 worms (D:2)
  5 dart slugs
  64 orcs
  11 endoplasms
  3 giant cockroaches
  16 goblins
  8 hobgoblins
  12 jackals
  A jackal (shapeshifter) (Vaults:5)
  2 quokkas (D:1)
  8 ball pythons
  6 bats
  A frilled lizard (shapeshifter) (Elf:3)
  5 frilled lizards
  15 kobolds
  2 rats
  4 tentacles (Shoals:4)
1803 creatures vanquished.

Vanquished Creatures (collateral kills)
  An orb of fire (Zot:5)
  Bai Suzhen (Spider:3)
  Xtahua (Depths:4)
  A Killer Klown (Zot:5)
  2 golden dragons (Vaults:5)
  Norris (Vaults:1)
  Arachne (Spider:1)
  3 tentacled monstrosities
  An electric golem (Zot:5)
  Mlioglotl (Spider:2)
  A lich (Depths:3)
  11 Orb Guardians (Zot:5)
  A deep elf blademaster (Elf:3)
  A kraken (Shoals:4)
  3 sphinxes
  A quicksilver dragon (Vaults:5)
  2 acid blobs
  2 titans (Vaults:5)
  Polyphemus (Shoals:3)
  5 shadow dragons
  2 tengu reavers (Vaults:5)
  2 storm dragons
  Donald (Spider:4)
  A fire giant (Depths:3)
  3 azure jellies
  2 frost giants (Vaults:5)
  2 vault wardens
  Louise (Spider:4)
  An emperor scorpion (Spider:4)
  A deep elf sorcerer (Elf:3)
  A draconian stormcaller (Zot:3)
  A draconian shifter (Zot:5)
  3 formless jellyfish (Slime:2)
  7 ironbound preservers
  3 very ugly things
  A quicksilver ooze (Slime:5)
  An ironbound thunderhulk (Vaults:2)
  A stone giant (Vaults:5)
  A white draconian (Depths:4)
  A black draconian (Zot:1)
  2 green draconians
  2 purple draconians
  A minotaur (Gauntlet)
  4 deep elf annihilators
  A halazid warlock (Desolation)
  2 spark wasps
  A crystal guardian (Desolation)
  A dire elephant (Vaults:1)
  3 deep elf death magi
  A merfolk javelineer (Shoals:1)
  2 ettins
  3 great orbs of eyes
  An ice dragon (Depths:3)
  5 merfolk impalers
  5 yaktaur captains (Vaults:5)
  14 vault guards
  A ragged hierophant (Desolation)
  2 servants of whispers (Desolation)
  2 peacekeepers (Desolation)
  A merfolk avatar (Shoals:3)
  A catoblepas (Lair:4)
  An ogre mage (Vaults:5)
  A hydra (Lair:5)
  A centaur warrior (Shoals:2)
  3 ironbound frosthearts
  A death knight (Vaults:2)
  An alligator (Lair:1)
  A boulder beetle (D:12)
  A jorogumo (Spider:3)
  3 two-headed ogres (Vaults:5)
  2 merfolk aquamancers
  7 satyrs
  4 demonic crawlers
  2 death yaks (Lair:5)
  A hell knight (Volcano)
  2 deep troll earth magi
  2 skysharks (Vaults:1)
  A salamander mystic (Volcano)
  2 sea snakes (Shoals:4)
  A pharaoh ant (Spider:3)
  5 orb spiders
  5 deep trolls
  A glowing orange brain (Vaults:1)
  A deep elf archer (Elf:1)
  A lindwurm (Vaults:1)
  7 harpies (Shoals:4)
  A necromancer (Vaults:4)
  A steelbarb worm (Spider:3)
  5 ironbound convokers
  4 deep elf pyromancers (Elf:1)
  3 ugly things
  A salamander (Volcano)
  3 shining eyes
  2 wolf spiders
  8 manticores
  11 fauns
  7 elephants
  4 moths of wrath
  3 merfolk sirens
  3 vault sentinels
  2 torpor snails
  3 water nymphs
  2 komodo dragons
  A cane toad (Lair:5)
  2 kobold blastminers (Orc:1)
  15 yaktaurs
  2 wind drakes
  6 merfolk
  4 tarantellas
  4 blink frogs
  An ettin zombie (Vaults:2)
  6 hornets (Spider:4)
  3 snapping turtles (Shoals:4)
  2 glass eyes
  10 saltlings (Desolation)
  2 dream sheep (Lair:5)
  A culicivora (Spider:4)
  5 jumping spiders
  16 slime creatures
  A spriggan (Depths:3)
  A wraith (D:12)
  3 yaks
  A spriggan (shapeshifter) (Vaults:5)
  5 water elementals
  A fire bat (Volcano)
  A hog (Lair:5)
  15 redbacks
  2 golden eyes
  A water moccasin (Lair:4)
  A hell hound (Lair:1)
  An orc warrior (Orc:2)
  3 ogres (Vaults:5)
  3 wolves (Lair:2)
  2 centaurs (D:14)
  A bullfrog (Lair:1)
  An earth elemental (Elf:2)
  2 killer bees (Lair:2)
  An electric eel (Spider:4)
  A lava snake (Volcano)
  2 jellies (Lair:4)
  2 orcs
  2 endoplasms (Lair:4)
  A tentacle (Shoals:4)
386 creatures vanquished.

Vanquished Creatures (others)
  A golden dragon (Zot:5)
  A quicksilver dragon (Zot:5)
  An acid blob (Slime:5)
  A storm dragon (Zot:5)
  A shadow dragon (Zot:5)
  A draconian monk (Zot:3)
  2 azure jellies (Slime:3)
  A rockslime (Slime:5)
  A deep elf elementalist (Elf:3)
  7 imperial myrmidons (Desolation)
  2 draconian shifters
  A draconian scorcher (Zot:3)
  An orc warlord (Vaults:1)
  A quicksilver ooze (Slime:5)
  2 draconian annihilators (Zot:5)
  A stone giant (Depths:4)
  A formless jellyfish (Slime:5)
  2 green draconians
  A minotaur (Shoals:4)
  A black draconian (Zot:1)
  2 white draconians
  A spark wasp (Spider:3)
  A purple draconian (Zot:5)
  A yellow draconian (Zot:5)
  2 acid blob zombies (Slime:5)
  An ettin (Depths:4)
  2 very ugly thing zombies
  A merfolk javelineer (Shoals:1)
  A merfolk impaler (Shoals:4)
  2 entropy weavers (Spider:3)
  A fire dragon (Depths:3)
  A vault guard (Vaults:4)
  9 Orb Guardian zombies (Zot:5)
  An alligator snapping turtle (Shoals:4)
  An ice dragon (Depths:4)
  An ironbound frostheart (Vaults:3)
  3 sphinx zombies
  4 boulder beetles
  41 human zombies
  A centaur warrior (D:12)
  A radroach (Spider:4)
  A satyr (Shoals:4)
  A deep troll earth mage (Depths:4)
  An azure jelly zombie (Slime:5)
  A death yak (Shoals:3)
  A quicksilver ooze zombie (Slime:5)
  A titan zombie (Vaults:5)
  2 deep elf knights
  A storm dragon zombie (Vaults:5)
  A hell knight (Depths:4)
  2 golden dragon zombies (Vaults:5)
  2 sea snakes
  A spark wasp zombie (Spider:3)
  An arcanist (Vaults:1)
  2 deep elf archers (Elf:3)
  A lindwurm (Vaults:1)
  A shadow dragon zombie (Vaults:5)
  A broodmother zombie (Spider:3)
  2 harpies (Shoals:4)
  5 deep elf pyromancers
  2 orc sorcerers (Elf:3)
  5 deep elf zephyrmancers (Elf:3)
  4 ugly thing zombies
  A stone giant zombie (Depths:4)
  3 wolf spider zombies
  A wolf spider (Spider:4)
  A merfolk siren (Gauntlet)
  7 manticores
  12 moths of wrath
  2 torpor snails
  A black mamba (Gauntlet)
  A formless jellyfish zombie (Slime:5)
  A yellow draconian zombie (Zot:1)
  An alligator snapping turtle zombie (Shoals:4)
  A komodo dragon (Lair:1)
  4 rime drakes (IceCv)
  A black draconian zombie (Zot:1)
  9 yaktaur zombies
  A death yak zombie (Lair:5)
  2 sea snake zombies
  2 orb spider zombies
  A yaktaur (Gauntlet)
  2 steelbarb worm zombies (Spider:3)
  11 redback zombies
  A great orb of eyes zombie (Slime:5)
  7 harpy zombies (Shoals:4)
  A moth of wrath zombie (Spider:4)
  2 demonic crawler zombies
  2 meliai
  A wind drake (Shoals:4)
  3 merfolk
  7 tarantella zombies (Spider:4)
  2 satyr zombies (Shoals:4)
  5 jumping spider zombies
  2 snapping turtles
  2 tarantellas
  4 culicivora zombies (Spider:4)
  2 fire dragon zombies (Depths:4)
  A meliai zombie (D:12)
  An ettin zombie (Depths:4)
  2 ice dragon zombies
  7 slime creatures
  A guardian serpent zombie (Desolation)
  2 yaks
  A jumping spider (Spider:3)
  4 culicivoras
  A black mamba zombie (Lair:2)
  6 slime creature zombies (Slime:5)
  A yak (shapeshifter) (Gauntlet)
  A wind drake zombie (Shoals:4)
  13 elf zombies
  4 redbacks
  2 humans (Lair:5)
  6 deep troll zombies
  9 merfolk zombies
  A fire bat zombie (Volcano)
  A water nymph zombie (Shoals:4)
  2 water moccasins (Lair:1)
  An entropy weaver zombie (Spider:3)
  5 faun zombies
  An acid dragon (D:12)
  A two-headed ogre zombie (Vaults:5)
  A cane toad zombie (Lair:2)
  2 swamp drakes (Gauntlet)
  4 ice beasts
  2 lindwurm zombies
  4 snapping turtle zombies (Shoals:4)
  2 orc warriors (Orc:1)
  4 manticore zombies
  An elephant zombie (Lair:5)
  A blink frog zombie (Lair:3)
  A hog zombie (Lair:5)
  A rime drake zombie (IceCv)
  3 torpor snail zombies
  A salamander zombie (Volcano)
  2 komodo dragon zombies (Lair:1)
  A bullfrog (Lair:1)
  A wyvern zombie (Lair:3)
  A scorpion (Lair:1)
  5 water moccasin zombies
  8 yak zombies
  A spriggan zombie (Vaults:5)
  2 tengu zombies
  A polar bear zombie (Lair:5)
  5 wolf zombies
  A bullfrog zombie (Lair:1)
  3 centaur zombies (D:14)
  An orc priest (Orc:1)
  A scorpion zombie (Lair:1)
  3 ice beast zombies (IceCv)
  4 ogre zombies
  11 orc zombies
  2 swamp drake zombies (Gauntlet)
  An adder (D:12)
  3 lava snake zombies (Volcano)
  2 orcs
  A bat zombie (D:12)
  An endoplasm (D:12)
  A goblin (D:12)
  A bat (D:12)
  An endoplasm zombie (D:12)
  A frilled lizard zombie (Elf:3)
  379 foxfires
  10 tentacles (Shoals:4)
808 creatures vanquished.

Grand Total: 2997 creatures vanquished

Table legend:
 A = Non-vault XP
 B = Vault XP
 C = Vault XP percentage of total XP
 D = Non-vault monster count
 E = Vault monster count
 F = Vault count percentage of total count
                 A         B        C        D         E       F
            +---------+---------+-------+---------+---------+-------
      Total |  575070 |  567872 |  49.7 |    1264 |     875 |  40.9
            +---------+---------+-------+---------+---------+-------
        D:1 |      62 |       0 |   0.0 |      35 |       0 |   0.0
        D:2 |      99 |     100 |  50.3 |      19 |      15 |  44.1
        D:3 |      72 |       0 |   0.0 |      15 |       0 |   0.0
        D:4 |     198 |       0 |   0.0 |      12 |       0 |   0.0
        D:5 |     403 |    1032 |  71.9 |      25 |       5 |  16.7
        D:6 |     300 |     169 |  36.0 |       5 |       1 |  16.7
        D:7 |    1908 |     731 |  27.7 |      29 |      13 |  31.0
        D:8 |    1553 |       0 |   0.0 |      28 |       0 |   0.0
        D:9 |    2862 |     450 |  13.6 |      39 |       1 |   2.5
       D:10 |    2231 |    1079 |  32.6 |       9 |       5 |  35.7
       D:11 |    5371 |     729 |  12.0 |      21 |       2 |   8.7
       D:12 |    8302 |    6113 |  42.4 |      31 |      14 |  31.1
       D:13 |    6668 |    3954 |  37.2 |      22 |       6 |  21.4
       D:14 |   10390 |       0 |   0.0 |      22 |       0 |   0.0
       D:15 |   12513 |    3707 |  22.9 |      29 |       5 |  14.7
     Lair:1 |    7844 |    7701 |  49.5 |      28 |      21 |  42.9
     Lair:2 |    6414 |     183 |   2.8 |      26 |       3 |  10.3
     Lair:3 |    6400 |     452 |   6.6 |      19 |       2 |   9.5
     Lair:4 |    7644 |     715 |   8.6 |      21 |      11 |  34.4
     Lair:5 |    5252 |   19163 |  78.5 |      17 |      44 |  72.1
   Shoals:1 |   10818 |   10594 |  49.5 |      24 |      13 |  35.1
   Shoals:2 |   14948 |       0 |   0.0 |      30 |       0 |   0.0
   Shoals:3 |   16698 |    6932 |  29.3 |      34 |       8 |  19.0
   Shoals:4 |   14928 |   26332 |  63.8 |      30 |      40 |  57.1
   Spider:1 |   17503 |    2397 |  12.0 |      43 |       2 |   4.4
   Spider:2 |   18807 |    1816 |   8.8 |      62 |       1 |   1.6
   Spider:3 |   15933 |    8939 |  35.9 |      33 |      10 |  23.3
   Spider:4 |   13292 |   20696 |  60.9 |      34 |      39 |  53.4
    Slime:1 |    4565 |       0 |   0.0 |      12 |       0 |   0.0
    Slime:2 |   11292 |       0 |   0.0 |      18 |       0 |   0.0
    Slime:3 |    3429 |       0 |   0.0 |       3 |       0 |   0.0
    Slime:4 |    7747 |       0 |   0.0 |      14 |       0 |   0.0
    Slime:5 |   10163 |   33448 |  76.7 |      19 |      31 |  62.0
      Orc:1 |    2286 |     868 |  27.5 |      16 |       1 |   5.9
      Orc:2 |    1407 |    6131 |  81.3 |      27 |      37 |  57.8
      Elf:1 |   31827 |   17055 |  34.9 |      51 |      41 |  44.6
      Elf:2 |    9507 |    6635 |  41.1 |      14 |       8 |  36.4
      Elf:3 |   19209 |   31558 |  62.2 |      29 |      35 |  54.7
   Vaults:1 |   18561 |   27116 |  59.4 |      25 |      40 |  61.5
   Vaults:2 |    7866 |   24147 |  75.4 |      18 |      32 |  64.0
   Vaults:3 |   21924 |   11014 |  33.4 |      31 |      15 |  32.6
   Vaults:4 |   29017 |   10629 |  26.8 |      39 |      12 |  23.5
   Vaults:5 |   20642 |   87465 |  80.9 |      38 |      81 |  68.1
   Depths:1 |   28540 |       0 |   0.0 |      37 |       0 |   0.0
   Depths:2 |   10157 |   15276 |  60.1 |      13 |       9 |  40.9
   Depths:3 |   29488 |   29350 |  49.9 |      40 |      29 |  42.0
   Depths:4 |   38681 |   17938 |  31.7 |      30 |      15 |  33.3
      Zot:1 |   14962 |       0 |   0.0 |      14 |       0 |   0.0
      Zot:2 |    1403 |       0 |   0.0 |       1 |       0 |   0.0
      Zot:3 |   10660 |       0 |   0.0 |       9 |       0 |   0.0
      Zot:4 |    2899 |       0 |   0.0 |       2 |       0 |   0.0
      Zot:5 |   29425 |   56024 |  65.6 |      22 |      27 |  55.1
      IceCv |       0 |    5906 | 100.0 |       0 |      57 | 100.0
    Volcano |       0 |    5580 | 100.0 |       0 |      18 | 100.0
 Desolation |       0 |   54674 | 100.0 |       0 |     115 | 100.0
   Gauntlet |       0 |    3074 | 100.0 |       0 |      11 | 100.0
            +---------+---------+-------+---------+---------+-------

Skill      XL: |  1  2  3  4  5  6  7  8  9 10 11 12 13 14 15 16 17 18 19 20 21 22 23 24 |
---------------+-------------------------------------------------------------------------+-----
Stealth        | 2 7 8 |  8.0
Fire Magic     | 3 4 5 |  5.0
Fighting       | 1 2 3 4 7 8 10 12 14 15 16 18 19 21 | 21.4
Spellcasting   | 3 4 6 9 10 | 10.0
Evocations     | 1 2 3 7 10 | 10.0
Short Blades   | 6 11 13 14 | 14.0
Dodging        | 5 8 10 12 13 14 16 17 18 20 | 20.0
Necromancy     | 5 10 12 14 16 20 22 | 22.7
Armour         | 2 4 8 10 | 10.0
Shields        | 7 10 14 15 | 15.0
Transmutations | 6 |  6.0
Earth Magic    | 6 |  6.0
Hexes          | 3 10 12 | 12.4
Conjurations   | |  1.0

Action                     |  1- 3 |  4- 6 |  7- 9 | 10-12 | 13-15 | 16-18 | 19-21 | 22-24 | 25-27 || total
---------------------------+-------+-------+-------+-------+-------+-------+-------+-------+-------++-------
  Melee: Rapier            |       |    20 |   315 |   841 |  1607 |  1114 |  1425 |  1059 |       ||  6381
         Kick              |       |     3 |   124 |   345 |   754 |   496 |   745 |   793 |       ||  3260
         Punch             |       |       |     4 |     8 |    14 |       |       |       |       ||    26
         Quick blade       |       |       |       |       |       |       |    47 |   276 |       ||   323
   Fire: Sling             |    66 |    44 |       |       |       |       |       |       |       ||   110
  Throw: Dart              |       |       |       |    13 |       |       |       |       |       ||    13
   Cast: Foxfire           |    43 |    99 |    55 |    25 |       |       |       |       |       ||   222
         Scorch            |       |    20 |    45 |    20 |       |       |       |       |       ||    85
         Animate Dead      |       |       |       |    12 |    19 |    23 |    12 |    15 |       ||    81
         Wereblood         |       |       |       |       |     6 |    24 |     8 |     7 |       ||    45
         Death Channel     |       |       |       |       |       |    25 |    21 |    26 |       ||    72
         Anguish           |       |       |       |       |       |     7 |     5 |     5 |       ||    17
         Borgnjor's Vile C |       |       |       |       |       |     4 |    23 |     9 |       ||    36
         Dispel Undead     |       |       |       |       |       |       |       |    16 |       ||    16
         Infestation       |       |       |       |       |       |       |       |    14 |       ||    14
 Invoke: Unearth Wretches  |       |       |       |     3 |    16 |    16 |     7 |    15 |       ||    57
         Brand Weapon With |       |       |       |       |     1 |       |       |       |       ||     1
  Evoke: Wand              |       |     2 |     4 |    39 |    13 |     8 |     3 |     1 |       ||    70
         Box of beasts     |       |       |       |       |     1 |     2 |     1 |       |       ||     4
         Tin of tremorston |       |       |       |       |     2 |     4 |     6 |     1 |       ||    13
         Phial of floods   |       |       |       |       |     1 |       |       |       |       ||     1
         Phantom mirror    |       |       |       |       |       |     1 |       |       |       ||     1
         Lightning rod     |       |       |       |       |       |       |     7 |     6 |       ||    13
    Use: Scroll            |       |     7 |     4 |    16 |    16 |    14 |     7 |    14 |     2 ||    80
         Potion            |       |       |       |     6 |     9 |    10 |     3 |    16 |       ||    44
   Stab: Sleeping          |       |       |     4 |     3 |     9 |     8 |    34 |    14 |       ||    72
         Distracted        |       |       |       |     4 |    14 |    28 |    30 |    30 |       ||   106
         Petrified         |       |       |       |       |     2 |       |       |       |       ||     2
         Paralysed         |       |       |       |       |     5 |     2 |       |     3 |       ||    10
         Petrifying        |       |       |       |       |     1 |     2 |       |       |       ||     3
 Armour: Robe              |    26 |    12 |       |    52 |       |       |       |       |       ||    90
         Leather armour    |       |    20 |   120 |   326 |   249 |   105 |       |       |       ||   820
         Ring mail         |       |       |       |       |   129 |   289 |   389 |   399 |       ||  1206
  Dodge: Dodged            |    25 |    47 |   232 |   829 |  1016 |  1136 |   761 |   762 |       ||  4808
  Block: Buckler           |       |       |       |       |   287 |   518 |   440 |   317 |       ||  1562
         Kite shield       |       |       |       |       |       |       |       |   201 |       ||   201

Illustrated notes

Table legend:
 A = Kills in this place as a percentage of kills in the entire game.
 B = Kills by you in this place as a percentage of kills by you in the entire game.
 C = Kills by friends in this place as a percentage of kills by friends in the entire game.
 D = Other kills in this place as a percentage of other kills in the entire game.
 E = Experience gained in this place as a percentage of experience gained in the entire game.
 F = Experience gained in this place divided by the number of levels of this place that you have seen.
                   A       B       C       D       E      F
               +-------+-------+-------+-------+-------+----------------------
         Total | 100.0 | 100.0 | 100.0 | 100.0 | 100.0 | 19786.9
       Dungeon |  19.2 |  23.4 |   1.1 |   0.0 |   6.6 | 5046.2
          Lair |   9.0 |   8.8 |  10.3 |   0.0 |   5.4 | 12353.6
        Shoals |   8.4 |   5.8 |  17.6 |  52.6 |   8.8 | 25312.5
   Spider Nest |  10.5 |   9.6 |  14.7 |   0.0 |   8.7 | 24845.8
    Slime Pits |   4.5 |   3.8 |   7.9 |   0.0 |   6.2 | 14128.8
  Orcish Mines |   3.8 |   4.4 |   1.1 |   0.0 |   0.9 | 5346.0
   Elven Halls |   8.3 |   9.5 |   3.4 |   0.0 |  10.1 | 38597.0
        Vaults |  15.4 |  13.0 |  26.8 |  10.5 |  22.5 | 51676.2
        Depths |   8.1 |   9.0 |   3.9 |   5.3 |  14.8 | 42357.5
           Zot |   3.5 |   2.5 |   7.1 |  26.3 |  10.1 | 23074.6
      Ice Cave |   2.7 |   3.3 |   0.0 |   0.0 |   0.5 | 5906.0
       Volcano |   0.8 |   0.7 |   1.3 |   0.0 |   0.5 | 5580.0
    Desolation |   5.4 |   5.6 |   4.5 |   5.3 |   4.8 | 54674.0
      Gauntlet |   0.5 |   0.6 |   0.3 |   0.0 |   0.3 | 3074.0
               +-------+-------+-------+-------+-------+----------------------

Table legend: (Time is in decaauts)
 A = Elapsed time spent in this place.
 B = Non-inter-level travel time spent in this place.
 C = Inter-level travel time spent in this place.
 D = Time resting spent in this place.
 E = Time spent auto-exploring this place.
 F = Levels seen in this place.
 G = Mean time per level.
                   A        B        C        D        E       F      G
               +--------+--------+--------+--------+--------+-----+--------+
         Total |  61349 |  55602 |   5747 |   8221 |  33144 |  58 | 1057.7 |
       Dungeon |  18072 |  15747 |   2325 |   2013 |  10240 |  15 | 1204.8 |
        Temple |     54 |      1 |     53 |      0 |      0 |   1 |   54.0 |
          Lair |   9092 |   7974 |   1118 |   1367 |   4678 |   5 | 1818.4 |
        Shoals |   3996 |   3775 |    221 |    624 |   2154 |   4 |  999.0 |
   Spider Nest |   5175 |   4900 |    275 |    533 |   3228 |   4 | 1293.8 |
    Slime Pits |   1481 |   1399 |     82 |    292 |    394 |   5 |  296.2 |
  Orcish Mines |   1436 |   1116 |    320 |    235 |    629 |   2 |  718.0 |
   Elven Halls |   3018 |   2695 |    323 |     69 |   1851 |   3 | 1006.0 |
        Vaults |   7256 |   6761 |    495 |    118 |   5298 |   5 | 1451.2 |
        Depths |   4954 |   4448 |    506 |    655 |   2876 |   4 | 1238.5 |
           Zot |   1883 |   1859 |     24 |    618 |    430 |   5 |  376.6 |
        Bazaar |     84 |     84 |      0 |      0 |     52 |   1 |   84.0 |
      Ice Cave |   1411 |   1411 |      0 |    421 |    542 |   1 | 1411.0 |
       Volcano |    595 |    595 |      0 |    211 |    104 |   1 |  595.0 |
    Desolation |   2319 |   2319 |      0 |    934 |    504 |   1 | 2319.0 |
      Gauntlet |    517 |    517 |      0 |    129 |    160 |   1 |  517.0 |
               +--------+--------+--------+--------+--------+-----+--------+

Top non-repeatable levels by time:
  Lair:1: 2827 daAuts
  Lair:5: 2480 daAuts
Desolation: 2319 daAuts
     D:2: 2044 daAuts
Spider:1: 1943 daAuts
Depths:4: 1926 daAuts
Vaults:1: 1915 daAuts
Vaults:3: 1690 daAuts
    D:10: 1529 daAuts
    D:13: 1507 daAuts
  Lair:3: 1477 daAuts
Shoals:3: 1450 daAuts
   IceCv: 1411 daAuts
   Zot:5: 1395 daAuts
     D:7: 1363 daAuts
